 Dungeon Crawl Stone Soup version 0.31.0-11-ge490571c62 (webtiles) character file.

Game seed: 15942630195468097523

15044017 inmateoo the Bringer of Light (level 27, 245/245 HPs)
             Began as a Minotaur Fighter on Jan 26, 2024.
             Was the Champion of the Shining One.
             Escaped with the Orb
             ... and 15 runes on Jan 27, 2024!
             The game lasted 02:34:03 (104845 turns).

inmateoo the Bringer of Light (Minotaur Fighter)  Turns: 104845, Time: 02:34:04

Health: 245/245    AC: 48    Str: 35    XL:     27
Magic:  35/35      EV: 26    Int: 13    God:    the Shining One [******]
Gold:   15802      SH: 35    Dex: 23    Spells: 26/26 levels left

rFire   + + +        G - +9 broad axe (heavy)
rCold   + + .        u - +8 tower shield of the Salamander {rPois Int+2 Dex+4}
rNeg    + + +        t - +12 gold dragon scales
rPois   +            y - +2 hat {Will+}
rElec   +            U - scarf {rC+ rF+}
rCorr   +            Y - +3 pair of gauntlets of War {Slay+5}
SInv    +            r - +0 pair of boots of Immorality {rElec rC- Str+4 Int+6}
Will    ++++.        x - amulet "Topiqug" {Regen+ rCorr Dex+3} Stlth
                     D - ring of Igiyguthrei {Fly rPois rC+ Will+ SInv}
HPRegen 1.40/turn    C - ring of Yze Ussiots {Wiz rPois rF+ Str+2}
MPRegen 0.24/turn

%: wizardry (x1)
@: flying, glowing, studying 2 skills
A: horns 2, retaliatory headbutt, frail 1, low MP 1, poison resistance,
MP-powered wands
0: Orb of Zot
}: 15/15 runes: decaying, slimy, silver, golden, iron, obsidian, icy, bone,
abyssal, demonic, glowing, magical, fiery, dark, gossamer
a: Renounce Religion, Divine Shield, Cleansing Flame, Summon Divine Warrior


You escaped.
You worshipped the Shining One.
The Shining One was exalted by your worship.
You visited 18 branches of the dungeon, and saw 87 of its levels.
You visited Pandemonium 1 time, and saw 20 of its levels.
You visited the Abyss 2 times.
You visited 1 bazaar.
You visited 1 ziggurat, and saw 12 of its levels.
You also visited: Trove and Gauntlet.

You collected 29856 gold pieces.
You spent 11151 gold pieces at shops.
You paid 2903 gold pieces to Gozag.

Inventory:

Hand Weapons
 s - a +9 broad axe of holy wrath
 G - a +9 heavy broad axe (weapon)
Missiles
 j - 21 silver javelins (quivered)
 n - 34 javelins
 q - 7 throwing nets
Armour
 l - a +2 cloak of preservation
 r - the +0 pair of boots of Immorality (worn) {rElec rC- Str+4 Int+6}
   (You found it on level 3 of the Crypt)

   Str+4:     It affects your strength (+4).
   Int+6:     It affects your intelligence (+6).
   rC-:       It makes you vulnerable to cold.
   rElec:     It insulates you from electricity.
 t - +12 gold dragon scales (worn)
 u - the +8 tower shield of the Salamander (worn) {rPois Int+2 Dex+4}
   (You took it off a daeva in Pandemonium)

   Int+2:     It affects your intelligence (+2).
   Dex+4:     It affects your dexterity (+4).
   rPois:     It protects you from poison
 y - a +2 hat of willpower (worn)
 U - a scarf of resistance (worn)
 Y - the +3 pair of gauntlets of War (worn) {Slay+5}
   (You bought it in a shop on level 2 of the Orcish Mines)

   Slay+5:    It affects your accuracy & damage with ranged weapons and melee
   (+5).
Jewellery
 c - the amulet of the Sun {Acrobat rN+ Will++ Int-5 Stlth+}
   (You took it off a deep elf death mage on level 3 of the Elven Halls)

   [amulet of the acrobat]

   Acrobat:   It increases your evasion while moving and waiting.
   Int-5:     It affects your intelligence (-5).
   rN+:       It protects you from negative energy.
   Will++:    It greatly increases your willpower.
   Stlth+:    It makes you more stealthy.
 x - the amulet "Topiqug" (around neck) {Regen+ rCorr Dex+3}
   (You found it on level 5 of a ziggurat)

   [amulet of regeneration]

   Dex+3:     It affects your dexterity (+3).
   Regen+:    It increases your rate of health regeneration.
   rCorr:     It protects you from acid and corrosion.
 B - the ring of Fostohoi {Ice Will+ Dex+2}
   (You took it off Josephina on level 1 of the Crypt)

   [ring of ice]

   Ice:       It enhances your ice magic.
   Dex+2:     It affects your dexterity (+2).
   rF-:       It makes you vulnerable to fire.
   rC+:       It protects you from cold.
   Will+:     It increases your willpower.
 C - the ring of Yze Ussiots (right hand) {Wiz rPois rF+ Str+2}
   (You found it on level 3 of the Depths)

   [ring of wizardry]

   Wiz:       It improves your spell success rate.
   Str+2:     It affects your strength (+2).
   rF+:       It protects you from fire.
   rPois:     It protects you from poison
 D - the ring of Igiyguthrei (left hand) {Fly rPois rC+ Will+ SInv}
   (You found it on level 7 of Tartarus)

   [ring of willpower]

   rC+:       It protects you from cold.
   rPois:     It protects you from poison Will+: It increases your willpower.
   SInv:      It lets you see invisible.
   Fly:       It grants you flight.
 E - the dreamshard necklace {Acrobat *Dream}
   (You found it on level 8 of a ziggurat)

   [amulet of the acrobat]

   *Dream:    It absorbs a single lethal wound into itself, holding its wearer
   just short of death and releasing dream-creatures to guard them.
   Acrobat:   It increases your evasion while moving and waiting.
 O - the ring "Quzaheq" {*Corrode rF+ rC+ Str+2 Stlth+}
   (You found it in a Gauntlet)

   [ring of protection from fire]

   Str+2:     It affects your strength (+2).
   rF+:       It protects you from fire.
   rC+:       It protects you from cold.
   *Corrode:  It may corrode you when you take damage.
   Stlth+:    It makes you more stealthy.
 Z - the ring "Jaiqiguh" {rPois rCorr EV+5}
   (You found it in a treasure trove)

   [ring of evasion]

   EV+5:      It affects your evasion (+5).
   rPois:     It protects you from poison rCorr: It protects you from acid and
   corrosion.
Wands
 b - a wand of digging (37)
 e - a wand of mindburst (52)
 A - a wand of iceblast (53)
 M - a wand of paralysis (86)
 R - a wand of acid (47)
Scrolls
 a - 9 scrolls of silence
 h - 10 scrolls of blinking
 i - 6 scrolls of revelation
 o - 34 scrolls of teleportation
 v - 2 scrolls of enchant armour
 K - 17 scrolls of fog
 L - 14 scrolls of fear
 P - 37 scrolls of identify
 T - 9 scrolls of immolation
Potions
 d - 2 potions of might
 f - a potion of resistance
 g - 9 potions of cancellation
 k - 5 potions of haste
 m - 48 potions of curing
 p - 11 potions of heal wounds
 w - 11 potions of enlightenment
 F - 20 potions of ambrosia
 H - 6 potions of magic
 N - a potion of berserk rage
Miscellaneous
 z - a figurine of a ziggurat
 J - a phantom mirror


   Skills:
 O Level 27 Fighting
 O Level 27 Axes
 O Level 27 Throwing
 O Level 27 Armour
 O Level 27 Dodging
 + Level 4.0 Stealth
 O Level 27 Shields
 O Level 27 Invocations
 O Level 27 Evocations


You had 26 spell levels left.
You didn't know any spells.
Your spell library contained the following spells:

 Spells                   Type           Power      Damage    Failure   Level
 Apportation              Tloc           0%         N/A       45%         1
 Foxfire                  Conj/Fire      0%         2x1d4     45%         1
 Freeze                   Ice            0%         1d3       45%         1
 Kiss of Death            Conj/Necr      0%         2d5       45%         1
 Magic Dart               Conj           0%         1d3       45%         1
 Necrotise                Necr           0%         1d4       45%         1
 Sandblast                Erth           0%         2d4       45%         1
 Shock                    Conj/Air       0%         1d3       45%         1
 Slow                     Hex            0%         N/A       45%         1
 Sting                    Conj/Alch      0%         1d3       45%         1
 Summon Small Mammal      Summ           0%         N/A       45%         1
 Blink                    Tloc           0%         N/A       58%         2
 Call Imp                 Summ           0%         N/A       58%         2
 Cigotuvi's Dreadful Rot  Necr/Alch/Air  0%         N/A       58%         2
 Ensorcelled Hibernation  Hex/Ice        0%         N/A       58%         2
 Jinxbite                 Hex            0%         N/A       58%         2
 Lesser Beckoning         Tloc           0%         N/A       58%         2
 Mercury Vapours          Alch/Air       0%         N/A       58%         2
 Momentum Strike          Conj/Tloc      0%         3d8       58%         2
 Scorch                   Fire           0%         2d5       58%         2
 Searing Ray              Conj           0%         2d4       58%         2
 Static Discharge         Conj/Air       0%         3-3/arc   58%         2
 Sublimation of Blood     Necr           0%         N/A       58%         2
 Call Canine Familiar     Summ           0%         N/A       80%         3
 Confusing Touch          Hex            0%         N/A       80%         3
 Dazzling Flash           Conj/Hex       0%         N/A       80%         3
 Frozen Ramparts          Ice            0%         1d1       80%         3
 Fugue of the Fallen      Necr           0%         N/A       80%         3
 Hailstorm                Conj/Ice       0%         3d5       80%         3
 Inner Flame              Hex/Fire       0%         N/A       80%         3
 Mephitic Cloud           Conj/Alch/Air  0%         N/A       80%         3
 Ozocubu's Armour         Ice            0%         N/A       80%         3
 Passwall                 Erth           0%         N/A       80%         3
 Sigil of Binding         Hex            0%         N/A       80%         3
 Stone Arrow              Conj/Erth      0%         3d7       80%         3
 Summon Ice Beast         Ice/Summ       0%         N/A       80%         3
 Swiftness                Air            0%         N/A       80%         3
 Tukima's Dance           Hex            0%         N/A       80%         3
 Vampiric Draining        Necr           0%         2d6       80%         3
 Volatile Blastmotes      Fire/Tloc      0%         2d10      80%         3
 Airstrike                Air            0%         2d(0-16)  99%         4
 Anguish                  Hex/Necr       0%         N/A       99%         4
 Animate Armour           Summ/Erth      0%         N/A       99%         4
 Animate Dead             Necr           0%         N/A       99%         4
 Brom's Barrelling Bould  Conj/Erth      0%         2d3       99%         4
 Cause Fear               Hex            0%         N/A       99%         4
 Dimensional Bullseye     Hex/Tloc       0%         N/A       99%         4
 Dispel Undead            Necr           0%         3d6       99%         4
 Flame Wave               Conj/Fire      0%         2d4       99%         4
 Fulminant Prism          Conj/Alch      0%         3d5       99%         4
 Ignite Poison            Fire/Alch      0%         N/A       99%         4
 Iskenderun's Mystic Bla  Conj/Tloc      0%         2d3       99%         4
 Leda's Liquefaction      Alch/Erth      0%         N/A       99%         4
 Manifold Assault         Tloc           0%         N/A       99%         4
 Martyr's Knell           Necr/Summ      0%         N/A       99%         4
 Olgreb's Toxic Radiance  Alch           0%         N/A       99%         4
 Passage of Golubria      Tloc           0%         N/A       99%         4
 Petrify                  Alch/Erth      0%         N/A       99%         4
 Sticky Flame             Fire/Alch      0%         2d4       99%         4
 Summon Blazeheart Golem  Fire/Summ      0%         N/A       99%         4
 Summon Lightning Spire   Summ/Air       0%         N/A       99%         4
 Vhi's Electric Charge    Tloc/Air       0%         N/A       99%         4
 Alistair's Intoxication  Alch           0%         N/A       100%        5
 Arcjolt                  Conj/Air       0%         1d10      100%        5
 Curse of Agony           Necr           0%         N/A       100%        5
 Fireball                 Conj/Fire      0%         3d3       100%        5
 Freezing Cloud           Conj/Ice/Air   0%         6-21      100%        5
 Irradiate                Conj/Alch      0%         3d11      100%        5
 Iskenderun's Battlesphe  Conj           0%         2d6       100%        5
 Lee's Rapid Deconstruct  Erth           0%         3d4*      100%        5
 Metabolic Englaciation   Hex/Ice        0%         N/A       100%        5
 Silence                  Hex/Air        0%         N/A       100%        5
 Summon Forest            Summ/Tloc      0%         N/A       100%        5
 Summon Mana Viper        Hex/Summ       0%         N/A       100%        5
 Yara's Violent Unravell  Hex/Alch       0%         3d3       100%        5
 Bombard                  Conj/Erth      0%         9d1       100%        6
 Conjure Ball Lightning   Conj/Air       0%         3x3d6     100%        6
 Dispersal                Tloc           0%         N/A       100%        6
 Eringya's Noxious Bog    Alch           0%         4d6       100%        6
 Plasma Beam              Fire/Air       0%         2x1d10    100%        6
 Sculpt Simulacrum        Ice/Alch       0%         N/A       100%        6
 Starburst                Conj/Fire      0%         6d3       100%        6
 Summon Cactus Giant      Summ           0%         N/A       100%        6
 Enfeeble                 Hex            0%         N/A       100%        7
 Haunt                    Necr/Summ      0%         N/A       100%        7
 Monstrous Menagerie      Summ           0%         N/A       100%        7
 Orb of Destruction       Conj           0%         9d5       100%        7
 Ozocubu's Refrigeration  Ice            0%         4d7       100%        7
 Spellforged Servitor     Conj/Summ      0%         N/A       100%        7
 Summon Hydra             Summ           0%         N/A       100%        7
 Borgnjor's Revivificati  Necr           0%         N/A       100%        8
 Discord                  Hex            0%         N/A       100%        8
 Disjunction              Tloc           0%         N/A       100%        8
 Ignition                 Fire           0%         3d3       100%        8
 Infestation              Necr           0%         N/A       100%        8
 Lehudib's Crystal Spear  Conj/Erth      0%         10d2      100%        8
 Maxwell's Capacitive Co  Air            0%         ∞         100%        8
 Summon Horrible Things   Summ           0%         N/A       100%        8
 Death's Door             Necr           0%         N/A       100%        9
 Dragon's Call            Summ           0%         N/A       100%        9
 Fire Storm               Conj/Fire      0%         5d1       100%        9
 Polar Vortex             Ice            0%         N/A       100%        9


Dungeon Overview and Level Annotations

Branches:
Dungeon (15/15)            Temple (1/1) D:4            Lair (5/5) D:10
  Swamp (4/4) Lair:3       Spider (4/4) Lair:2        Slime (5/5) Lair:5
    Orc (2/2) D:11            Elf (3/3) Orc:2        Vaults (5/5) D:14
  Crypt (3/3) Vaults:2       Tomb (3/3) Crypt:3      Depths (4/4) D:15
   Hell (visited)             Dis (7/7) Hell            Geh (7/7) Hell
    Coc (7/7) Hell            Tar (7/7) Hell            Zot (5/5) Depths:4
Gauntlet (visited)

Altars:
Ashenzari
Cheibriados
Dithmenos
Elyvilon
Fedhas
Gozag
Hepliaklqana
Kikubaaqudgha
Makhleb
Nemelex Xobeh
Okawaru
Qazlal
Ru
Sif Muna
Trog
Uskayaw
Vehumet
Wu Jian
Xom
Yredelemnul
Zin
The Shining One
Jiyva

Shops:
D:2 !   D:9 [   D:12 !   Orc:2 *[!?=[   Elf:1 (   Elf:3 (   Swamp:1 [
Swamp:4 (   Vaults:3 (   Vaults:4 (??!   Vaults:5 =!*?!?   Depths:2 *[[[:
Depths:3 [[

Portals:
Hell: Depths:1 Depths:2 Depths:3 Depths:4
Abyss: Depths:1 Depths:3
Pandemonium: Depths:2 Depths:3 Depths:4

Annotations:
Zot:2 1 transporter


Innate Abilities, Weirdness & Mutations

You have a pair of horns on your head.
You reflexively headbutt those who attack you in melee.
You are frail. (-10% HP)
Your magical capacity is low. (-10% MP)
Your system is resistant to poisons. (rPois)
You expend magic power (3 MP) to strengthen your wands.


Message History

There is a stone staircase leading up here.
You fly upwards.
There is a stone staircase leading down here.
Things that are here:
a +0 chain mail; a +0 dagger
There is a stone staircase leading up here.
You fly upwards.
There is a stone staircase leading down here.
There is a stone staircase leading up here.
You fly upwards.
There is a stone staircase leading down here.
You fly downwards.
There is a stone staircase leading up here.
There is a stone staircase leading up here.
You fly upwards.
There is a stone staircase leading down here.
There is an open door here.
There is a stone staircase leading up here.
You fly upwards.
There is a stone staircase leading down here.
There is a fountain of clear blue water here.
There is a stone staircase leading up here.
You fly upwards.
There is a stone staircase leading down here.
A toenail golem comes into view.
There is a fountain of clear blue water here.
There is a stone staircase leading up here.
You fly upwards.
There is a stone staircase leading down here. 3 hell hounds come into view.
The hell hound barks! x2
The hell hound breathes flames at you. The blast of flame misses you.
There is an open door here.
There is a stone staircase leading up here.
You block the hell hound's attack.
You fly upwards.
There is a stone staircase leading down here.
There is a staircase leading out of the dungeon here.
You have escaped!

## ##.......## ##.##.## ###...###
# ##.........## #..#..###...###
###...........####.##.##....#
##.....)#......###..#.#...###
#......###......###.#....##
......## ##......##.#.##.#
.....## ##......#.#.##.######
....## ##.......#.........###
>..## ##..@.....#..........
....## ##.......#.#......###.
.....## ##......#.#.#......# #.
......## ##......##.#........###.
#......###......###.#.#####.###..
##......#......###..#.####......#
###...........####.##.##....#####
# ##.........## #..#..##....# #..
## ##.......## ##.##.###....###.#


There were no monsters in sight!

Vanquished Creatures
  Cerebov (Pan)
  Antaeus (Coc:7)
  Asmodeus (Geh:7)
  the Royal Jelly (Slime:5)
  Dissolution (Slime:4)
  Lom Lobon (Pan)
  Gloorx Vloq (Pan)
  Mnoleg (Pan)
  A seraph (Pan)
  the Serpent of Hell (Coc:7)
  10 dread liches
  Dispater (Dis:7)
  5 orbs of fire
  9 ancient liches
  Mennas (Pan)
  4 juggernauts
  Xtahua (Vaults:4)
  14 royal mummies
  Sojobo (Depths:3)
  Boris (twice) (Vaults:5 Tomb:2)
  Josephina (Crypt:1)
  Vv (Crypt:2)
  6 Killer Klowns
  22 shard shrikes
  11 golden dragons
  Geryon (Hell)
  11 pandemonium lords
  Nikola (Swamp:3)
  2 pearl dragons (Pan)
  Jory (Depths:3)
  19 caustic shrikes
  9 profane servitors
  Norris (Depths:3)
  the Enchantress (Depths:3)
  31 bone dragons
  15 Brimstone Fiends
  18 Tzitzimimeh
  12 hellephants
  7 iron giants
  10 doom hounds
  5 electric golems
  2 shard shrike zombies
  The ghost of lugworm the Brawler, an adept TrEn of Gozag (Swamp:4)
  2 spectral shard shrikes (Tar:5)
  24 tentacled monstrosities
  12 titans
  27 Orb Guardians
  18 Ice Fiends
  14 tainted leviathans
  9 deep elf master archers
  2 deep elf blademasters
  19 searing wretches
  A walking divine tome (Depths:2)
  18 Hell Sentinels
  Grunn (Zot:4)
  Asterion (Depths:2)
  10 quicksilver dragons
  10 liches
  23 Executioners
  50 ancient champions
  20 acid blobs
  13 tentacled starspawn
  14 death cobs
  10 sphinxes
  15 shadow dragons
  2 thorn hunters (Swamp:3)
  8 tengu reavers
  Roxanne (Spider:1)
  2 nagarajas (Pan)
  Donald (Spider:1)
  A fenstrider witch (Swamp:1)
  Aizul (Swamp:3)
  5 draconian knights
  17 storm dragons
  7 revenants
  The ghost of Aqunirr the Evocator, an adept FeSh of Gozag (Vaults:3)
  27 fire giants
  19 daevas (Pan)
  6 protean progenitors
  17 quicksilver elementals
  8 rockslimes
  10 narguns
  9 iron dragons
  17 azure jellies
  14 demonspawn warmongers
  4 draconian monks
  7 deep elf sorcerers
  16 vault wardens
  2 deep elf elementalists
  8 frost giants
  3 spectral juggernauts (Tar:2)
  49 balrugs
  2 emperor scorpions
  7 draconian shifters
  8 ghost moths
  8 draconian scorchers
  2 spectral caustic shrikes
  3 orc warlords
  A juggernaut zombie (Crypt:1)
  7 shard shrike simulacra
  10 quicksilver oozes
  4 ghouls
  34 reapers
  37 angels (Pan)
  8 draconian stormcallers
  5 curse skulls
  23 cacodemons
  6 demonspawn corrupters
  8 draconian annihilators
  14 stone giants
  5 caustic shrike skeletons
  2 broodmothers (Spider:4)
  13 demonspawn blood saints
  3 spriggan defenders (Depths:3)
  35 apis (Pan)
  12 vampire knights
  8 formless jellyfish
  37 very ugly things
  15 ironbound preservers
  8 ironbound thunderhulks
  4 juggernaut skeletons (Pan)
  20 ophanim
  11 putrid mouths
  6 black draconians
  4 eleionomae
  9 deep elf demonologists
  20 elemental wellsprings
  9 lorocyprocas
  11 demonspawn black suns (Pan)
  9 green draconians
  A minotaur (Gauntlet)
  13 wendigos
  3 dire elephants (Vaults:1)
  6 bennus
  16 deep elf death magi
  15 red draconians
  16 purple draconians
  10 white draconians
  11 yellow draconians
  10 deep elf annihilators
  A spectral titan (Tar:5)
  3 bunyips
  31 ettins
  17 spark wasps
  21 war gargoyles
  20 blizzard demons
  3 spectral quicksilver dragons
  11 eidola
  13 iron golems
  2 spectral iron giants
  2 spectral golden dragons (Tar:2)
  24 green deaths
  21 mummy priests
  10 entropy weavers
  10 deep elf high priests
  4 fire dragons
  21 hydras
  A shambling mangrove (Swamp:3)
  14 yaktaur captains
  6 salamander tyrants
  Erolcha (Orc:2)
  8 rakshasas
  Harold (D:10)
  7 spectral spriggans
  22 jiangshi
  6 hell beasts
  2 spriggan zombies
  34 vault guards
  9 great orbs of eyes
  12 ice dragons
  9 juggernaut simulacra
  A quicksilver dragon skeleton (Tar:7)
  A sphinx zombie (Crypt:1)
  5 ghost crabs
  3 radroaches
  3 jorogumos
  A merfolk aquamancer (Zig:5)
  A spectral tengu (Tar:2)
  8 spriggan air magi
  3 catoblepae
  4 death knights
  7 boulder beetles
  10 caustic shrike simulacra
  10 alligators
  8 ogre magi
  18 centaur warriors
  9 ironbound frosthearts
  2 spriggan skeletons
  21 stokers
  7 two-headed ogres
  39 dancing weapons
  14 death yaks
  A naga warrior (Abyss:4)
  4 satyrs (Zig:12)
  39 death scarabs
  3 deep troll earth magi
  2 tengu warriors (Depths:2)
  18 demonic crawlers
  65 hell hogs
  Urug (Lair:5)
  5 deep troll shamans (Depths:3)
  A quicksilver ooze zombie (Crypt:3)
  22 thrashing horrors
  6 naga sharpshooters (Zig:12)
  11 vampire magi
  A shock serpent (shapeshifter) (Vaults:5)
  2 orc high priests (Orc:1)
  5 titan zombies
  4 occultists
  An emperor scorpion zombie (Crypt:3)
  24 spriggans
  10 hell knights
  6 crystal echidnas
  24 deep elf knights
  5 spriggan berserkers
  32 soul eaters
  17 wretched stars
  75 sun demons
  4 hellephant skeletons (Pan)
  25 sixfirhies
  4 skysharks
  A golden dragon zombie (Depths:2)
  5 pharaoh ants
  4 quicksilver dragon simulacra
  31 shadow wraiths
  A fire crab (Lair:3)
  5 goliath frogs
  33 skeletal warriors
  A bunyip zombie (Crypt:1)
  5 orb spiders
  An iron giant zombie (Tar:7)
  7 iron trolls
  2 spatial maelstroms
  2 spectral anacondas
  5 glowing orange brains
  A sea snake (Zig:5)
  20 cherubim (Pan)
  10 arcanists
  3 spriggan druids
  A glowing orange brain (shapeshifter) (Vaults:5)
  24 shadow demons (Pan)
  11 sun moths (Pan)
  3 flayed ghosts
  69 slime creatures
  3 anaconda zombies
  A lindwurm (shapeshifter) (Abyss:3)
  50 deep trolls
  Pikel (D:4)
  2 spectral hydras
  8 spriggan simulacra
  14 swamp dragons
  2 spectral iron dragons
  8 bog bodies
  5 orc knights
  9 necromancers
  15 deep elf archers
  12 ironbound convokers
  13 phantasmal warriors
  A goliath frog zombie (Crypt:3)
  2 lindwurms (Vaults:2)
  2 anaconda skeletons
  24 deep elf zephyrmancers
  A sphinx simulacrum (Vaults:4)
  A steelbarb worm (shapeshifter) (Elf:3)
  A faun (shapeshifter) (Vaults:4)
  10 steelbarb worms
  36 deep elf pyromancers
  22 wolf spiders
  34 ugly things
  9 orc sorcerers
  8 shining eyes
  A spectral ettin (Tar:3)
  A frost giant zombie (Crypt:1)
  7 manticores
  A wolf spider zombie (Crypt:1)
  A salamander (Abyss:4)
  A shadow dragon skeleton (Tomb:2)
  2 iron dragon skeletons
  An iron dragon zombie (Tomb:2)
  23 moths of wrath
  3 elephants (Lair:3)
  4 fauns (Zig:12)
  10 cyclopes
  8 worldbinders
  A mana viper (shapeshifter) (Depths:2)
  4 will-o-the-wisps
  An alligator skeleton (Hell)
  8 meliai
  3 spectral centaurs
  2 kobold blastminers (Orc:1)
  10 rust devils
  3 guardian serpents
  A salamander (shapeshifter) (Vaults:5)
  12 black mambas
  A black mamba (shapeshifter) (Vaults:4)
  2 naga zombies
  23 vault sentinels
  2 molten gargoyles (Hell)
  2 torpor snails
  A frost giant skeleton (Vaults:4)
  59 smoke demons
  2 eyes of devastation (Slime:5)
  26 orange demons
  11 titan simulacra
  An apocalypse crab (Abyss:4)
  2 gargoyles
  An orc skeleton (Tomb:3)
  2 storm dragon simulacra
  A naga skeleton (Tar:7)
  3 sea snake zombies
  14 cane toads
  A yellow draconian zombie (Crypt:1)
  Maggie (D:10)
  26 hellions
  9 komodo dragons
  An emperor scorpion simulacrum (Coc:1)
  53 large abominations
  22 yaktaurs
  16 tormentors
  2 unseen horrors
  2 dire elephant skeletons
  A bunyip simulacrum (Coc:1)
  9 freezing wraiths
  11 kobold demonologists
  5 anaconda simulacra
  A golden dragon simulacrum (Coc:3)
  A steelbarb worm zombie (Crypt:2)
  12 efreet
  7 tengu conjurers
  7 spectral nagas
  4 iron giant simulacra
  10 ice devils
  2 spectral harpies (Tar:2)
  A sea snake skeleton (Hell)
  4 silent spectres
  9 ancient zymes
  A wind drake (Zig:5)
  32 hellwings
  2 merfolk (Zig:5)
  10 red devils
  46 guardian mummies
  Grinder (D:5)
  3 hydra zombies
  7 tyrant leeches
  4 trolls
  2 queen bees
  2 hydra skeletons (Hell)
  25 tarantellas
  32 raiju
  24 hornets
  2 harpy skeletons
  A hornet (shapeshifter) (Elf:2)
  An ettin zombie (Vaults:4)
  2 stone giant simulacra
  9 blink frogs (Lair:3)
  3 iron dragon simulacra
  2 dream sheep (D:7)
  7 glass eyes
  A draconian simulacrum (Crypt:1)
  15 jumping spiders
  3 air elementals
  3 shadows
  24 culicivoras
  An ice dragon skeleton (Crypt:1)
  Sigmund (D:5)
  16 small abominations
  3 vampires
  10 wraiths
  5 water elementals
  12 wyverns
  A black mamba skeleton (Tomb:2)
  44 ynoxinuls
  3 ettin skeletons
  2 fire elementals
  30 yaks
  11 ushabtiu
  5 dire elephant simulacra
  8 wargs
  Eustachio (D:4)
  38 neqoxecs
  A yak (shapeshifter) (Abyss:4)
  A human (D:14)
  11 golden eyes
  5 basilisks
  70 starcursed masses
  2 steam dragons (Lair:5)
  A sea snake simulacrum (Hell)
  52 redbacks
  2 human zombies (Vaults:4)
  15 vampire mosquitoes
  27 harpy simulacra
  27 chaos spawn
  A two-headed ogre zombie (Hell)
  16 swamp worms
  2 nagas (Abyss:4)
  7 spatial vortices
  3 acid dragons
  3 hell hounds
  A hydra simulacrum (Abyss:4)
  Duvessa (D:4)
  A sky beast (D:7)
  A demonspawn skeleton (Crypt:1)
  25 water moccasins
  9 swamp drakes
  A deep troll skeleton (Crypt:1)
  3 black bears
  26 orc warriors
  45 laughing skulls
  An ice dragon simulacrum (Crypt:2)
  4 ettin simulacra
  2 wolves (D:10)
  A boggart (Elf:1)
  A swamp dragon zombie (Crypt:3)
  11 centaurs
  12 ogres
  2 phantoms
  4 kobold brigands
  A gnoll sergeant (D:8)
  3 weeping skulls
  2 brain worms (Abyss:2)
  11 bullfrogs
  6 necrophages
  4 earth elementals
  A deep troll simulacrum (Crypt:2)
  3 naga simulacra
  2 cyclops zombies (Depths:3)
  4 scorpions
  A salamander skeleton (Crypt:3)
  A polar bear zombie (Crypt:3)
  4 wights (D:9)
  Dowan (D:4)
  A queen bee zombie (Crypt:2)
  24 killer bees
  A human simulacrum (Vaults:4)
  A raiju skeleton (Crypt:2)
  A bombardier beetle (D:7)
  2 electric eels (Lair:5)
  10 howler monkeys
  A centaur zombie (Crypt:1)
  2 quasits (Abyss:3)
  5 hounds
  11 orc priests
  A basilisk zombie (Crypt:1)
  2 gnoll boudas
  4 iron imps
  6 jellies
  A sleepcap (D:4)
  9 iguanas
  33 orc wizards
  13 hell rats (Hell)
  A brain worm zombie (Crypt:2)
  A deep dwarf skeleton (Crypt:3)
  36 mummies
  5 gnolls (D:8)
  12 adders
  2 shadow imps
  A steam dragon skeleton (Crypt:1)
  6 white imps
  5 ufetubi
  4 ribbon worms
  12 dart slugs
  58 orcs
  6 endoplasms
  7 giant cockroaches
  5 goblins
  4 hobgoblins
  2 jackals (D:3)
  A quokka (D:4)
  4 ball pythons
  A ball python zombie (Crypt:2)
  3 bats (D:1)
  4 frilled lizards
  A goblin zombie (Crypt:3)
  23 kobolds
  An orc zombie (Crypt:2)
  6 rats
  A rat skeleton (Crypt:1)
  An aspiring flesh (Pan)
  2 ball lightnings (Pan)
  A creeping inferno (Geh:4)
  21 fire vortices
  2 lurking horrors
  2 spectral weapons
  16 starspawn tentacles
4586 creatures vanquished.

Vanquished Creatures (collateral kills)
  Ereshkigal (Tar:7)
  Frederick (Vaults:4)
  Parghit (Zot:2)
  A caustic shrike (Depths:2)
  Arachne (Spider:4)
  An iron giant (Dis:7)
  Rupert (Orc:2)
  2 ancient champions (Crypt:3)
  A shadow dragon (Vaults:5)
  A fire giant (Vaults:5)
  A quicksilver elemental (Dis:7)
  An orc warlord (Vaults:3)
  A curse skull (Crypt:3)
  An eleionoma (Swamp:1)
  A war gargoyle (Vaults:5)
  A yaktaur captain (Vaults:5)
  A spriggan air mage (Depths:2)
  A soul eater (Crypt:2)
  A goliath frog (Swamp:1)
  A skeletal warrior (Crypt:2)
  A flayed ghost (Crypt:2)
  An arcanist (Vaults:3)
  A spriggan druid (Swamp:1)
  A phantasmal warrior (Crypt:3)
  An anaconda skeleton (Crypt:2)
  A titan simulacrum (Coc:7)
  A yaktaur (Vaults:5)
  2 orcs (Orc:2)
30 creatures vanquished.

Vanquished Creatures (others)
  A Brimstone Fiend (Geh:4)
  2 fire giants
  A balrug (Pan)
  2 shard shrike simulacra
  A demonspawn corrupter (Pan)
  A blizzard demon (Pan)
  2 caustic shrike simulacra (Coc:7)
  A merfolk aquamancer (Zig:5)
  A stoker (Geh:7)
  A death yak (Depths:3)
  A quicksilver dragon simulacrum (Coc:3)
  A spriggan simulacrum (Coc:5)
  A cyclops (Zig:12)
  2 titan simulacra (Coc:7)
  A hellion (Coc:6)
  A bunyip simulacrum (Coc:1)
  2 iron giant simulacra
  A bloated husk (Swamp:3)
  An iron dragon simulacrum (Coc:7)
  A raiju (Abyss:3)
  A water elemental (Abyss:2)
  A naga simulacrum (Coc:7)
  A harpy simulacrum (Coc:1)
  A water moccasin (Lair:3)
  2 ettin simulacra
  A small abomination (Abyss:3)
  2 hell rats (Hell)
  An orc (Orc:1)
  An endoplasm (Abyss:3)
  A ball lightning (Pan)
  A fire vortex (Pan)
  24 foxfires
  2 lurking horrors (Abyss:2)
  25 starspawn tentacles
89 creatures vanquished.

Grand Total: 4705 creatures vanquished

Notes
Turn   | Place    | Note
-------+----------+-------------------------------------------
     0 | D:1      | inmateoo the Minotaur Fighter began the quest for the Orb.
     0 | D:1      | Reached XP level 1. HP: 19/19 MP: 0/0
   239 | D:1      | Reached XP level 2. HP: 25/27 MP: 1/1
   545 | D:2      | Found a faded altar of an unknown god.
   835 | D:2      | Found Defal's Distillery.
   843 | D:2      | Bought a potion of heal wounds for 55 gold pieces
   843 | D:2      | Bought a potion of curing for 33 gold pieces
   931 | D:2      | Reached skill level 1 in Dodging
   931 | D:2      | Reached XP level 3. HP: 24/33 MP: 2/2
  1395 | D:3      | Reached XP level 4. HP: 40/40 MP: 3/3
  1612 | D:3      | Found a glowing silver altar of Zin.
  2066 | D:4      | Noticed Duvessa
  2066 | D:4      | Noticed Dowan
  2078 | D:4      | Killed Duvessa
  2079 | D:4      | Reached XP level 5. HP: 28/47 MP: 4/4
  2083 | D:4      | Killed Dowan
  2176 | D:4      | Found a staircase to the Ecumenical Temple.
  2191 | D:4      | Reached XP level 6. HP: 30/53 MP: 5/5
  2192 | Temple   | Entered the Ecumenical Temple
  2197 | Temple   | Became a worshipper of Gozag Ym Sagoz the Greedy
  2334 | D:4      | Reached skill level 5 in Axes
  2334 | D:4      | Noticed Eustachio
  2367 | D:4      | Killed Eustachio
  2368 | D:4      | Reached skill level 5 in Fighting
  2537 | D:4      | Reached skill level 5 in Armour
  2537 | D:4      | Reached skill level 5 in Shields
  2667 | D:4      | Noticed Pikel
  2680 | D:4      | Killed Pikel
  2681 | D:4      | Reached XP level 7. HP: 42/62 MP: 6/6
  2827 | D:4      | Reached XP level 8. HP: 70/70 MP: 7/7
  2850 | D:4      | Identified the +7 mace "Racifizin" {antimagic, Int+8
                  | Stlth-}
  3143 | D:5      | Entered Level 5 of the Dungeon
  3698 | D:5      | Noticed Grinder
  3712 | D:5      | Killed Grinder
  3969 | D:5      | Noticed Sigmund
  4117 | D:5      | Killed Sigmund
  4283 | D:6      | Reached XP level 9. HP: 78/78 MP: 8/8
  4312 | D:6      | Found a hide-covered altar of Uskayaw.
  4320 | D:6      | Found a basalt altar of Yredelemnul.
  4448 | D:6      | Reached skill level 5 in Dodging
  4830 | D:6      | Noticed a komodo dragon
  4836 | D:6      | Killed a komodo dragon
  5049 | D:7      | Reached skill level 10 in Axes
  5191 | D:7      | You fall into a shaft and drop 2 floors!
  5322 | D:9      | Found Vuulear's Antique Armour Boutique.
  5345 | D:9      | Bought a runed cloak for 232 gold pieces
  5466 | D:9      | Reached XP level 10. HP: 74/90 MP: 9/9
  6815 | D:9      | Reached skill level 10 in Fighting
  7246 | D:10     | Entered Level 10 of the Dungeon
  7256 | D:10     | Found a staircase to the Lair.
  7256 | D:10     | Noticed Maggie
  7450 | D:10     | Killed Maggie
  7451 | D:10     | Reached skill level 15 in Axes
  7451 | D:10     | Reached XP level 11. HP: 99/99 MP: 10/10
  7515 | D:10     | Noticed a two-headed ogre
  7537 | D:10     | Killed a two-headed ogre
  7869 | D:10     | Noticed Harold
  7887 | D:10     | Killed Harold
  7925 | D:10     | Found an iron altar of Okawaru.
  8135 | D:10     | Identified the +7 whip of Stickiness {vamp, rCorr Int+3}
  8584 | D:11     | Noticed a deep elf pyromancer
  8591 | D:11     | Killed a deep elf pyromancer
  8730 | D:11     | Noticed an arcanist
  8825 | D:11     | Noticed a boulder beetle
  8972 | D:10     | Killed a boulder beetle
  9065 | D:11     | Found a staircase to the Orcish Mines.
  9369 | D:12     | Noticed a sun demon
  9392 | D:12     | Noticed a two-headed ogre
  9536 | D:12     | Noticed a purple ugly thing
  9540 | D:12     | Noticed a deep elf pyromancer
  9561 | D:11     | Killed a two-headed ogre
  9562 | D:11     | Reached XP level 12. HP: 36/106 MP: 11/11
 10123 | D:12     | Found Eplerchi's Distillery.
 10126 | D:12     | Bought a potion of curing for 45 gold pieces
 10126 | D:12     | Bought a potion of degeneration for 15 gold pieces
 10126 | D:12     | Bought 2 potions of mutation for 240 gold pieces
 10126 | D:12     | Bought a potion of invisibility for 120 gold pieces
 10126 | D:12     | Bought a potion of mutation for 120 gold pieces
 10126 | D:12     | Bought a potion of might for 60 gold pieces
 10689 | D:13     | Noticed a boulder beetle
 10954 | Lair:1   | Entered Level 1 of the Lair of Beasts
 11218 | Lair:1   | Noticed a catoblepas
 11236 | Lair:1   | Killed a catoblepas
 12261 | Lair:2   | Found a hole to the Spider Nest.
 12375 | Lair:2   | Noticed a seven-headed hydra
 12386 | Lair:2   | Killed a seven-headed hydra
 12844 | Lair:3   | Noticed a death yak
 12844 | Lair:3   | Noticed a death yak
 12844 | Lair:3   | Noticed a death yak
 12844 | Lair:3   | Noticed a death yak
 12844 | Lair:3   | Noticed a death yak
 12854 | Lair:2   | Killed a death yak
 12859 | Lair:2   | Killed a death yak
 12920 | Lair:1   | Killed a death yak
 13105 | Lair:1   | Killed a death yak
 13120 | Lair:2   | Killed a death yak
 13274 | Lair:3   | Reached XP level 13. HP: 105/117 MP: 12/12
 13546 | Lair:3   | Noticed Nessos
 13552 | Lair:3   | Nessos changed into Nessos the fire crab
 13552 | Lair:3   | Noticed Nessos
 13558 | Lair:3   | Killed Nessos the fire crab
 13909 | Lair:3   | Found a staircase to the Swamp.
 14274 | Lair:3   | Reached skill level 10 in Armour
 14274 | Lair:3   | Reached skill level 10 in Shields
 15378 | Lair:5   | Entered Level 5 of the Lair of Beasts
 15536 | Lair:5   | Noticed Urug
 15551 | Lair:5   | Killed Urug
 16074 | Lair:5   | Reached skill level 10 in Dodging
 16083 | Lair:5   | Reached XP level 14. HP: 129/129 MP: 13/13
 16388 | Lair:5   | Found a viscous altar of Jiyva.
 16388 | Lair:5   | Found a staircase to the Slime Pits.
 17152 | Orc:1    | Entered Level 1 of the Orcish Mines
 17422 | Orc:1    | Found a transporter.
 17422 | Orc:1    | Found a transporter.
 17425 | Orc:1    | Noticed an orc warlord
 17527 | Orc:2    | Entered Level 2 of the Orcish Mines
 17550 | Orc:2    | Noticed Rupert
 17556 | Orc:2    | Paralysed by Rupert for 2 turns
 17568 | Orc:2    | Killed Rupert
 17588 | Orc:2    | Noticed an orc warlord
 17933 | Orc:2    | Found Ykuqoes's Assorted Antiques.
 17942 | Orc:2    | Found a staircase to the Elven Halls.
 17978 | Orc:2    | Bought 2 potions of heal wounds for 330 gold pieces
 18421 | Orc:2    | Reached skill level 15 in Fighting
 18431 | Orc:2    | Found Wed Tiga's Magic Scroll Emporium.
 18679 | Orc:2    | Found Xuzud's Distillery.
 18688 | Orc:2    | Bought a potion of heal wounds for 60 gold pieces
 18688 | Orc:2    | Bought 2 potions of heal wounds for 120 gold pieces
 18688 | Orc:2    | Bought a potion of berserk rage for 60 gold pieces
 18688 | Orc:2    | Bought a potion of haste for 120 gold pieces
 18688 | Orc:2    | Bought a potion of curing for 36 gold pieces
 18688 | Orc:2    | Bought a potion of resistance for 120 gold pieces
 18688 | Orc:2    | Bought 2 potions of curing for 72 gold pieces
 18701 | Orc:2    | Found an ancient bone altar of Kikubaaqudgha.
 18750 | Orc:2    | Found a radiant altar of Vehumet.
 18752 | Orc:2    | Noticed Erolcha
 18774 | Orc:2    | Killed Erolcha
 18810 | Orc:2    | Found Kaawk's Jewellery Emporium.
 18840 | Orc:2    | Found Buopael's Antique Armour Shoppe.
 18843 | Orc:2    | Bought an amulet of regeneration for 480 gold pieces
 18910 | Orc:2    | Bought a scroll of blinking for 105 gold pieces
 18910 | Orc:2    | Bought a scroll of blinking for 105 gold pieces
 18910 | Orc:2    | Bought a scroll of summoning for 133 gold pieces
 18910 | Orc:2    | Bought a scroll of teleportation for 42 gold pieces
 18910 | Orc:2    | Bought a scroll of revelation for 105 gold pieces
 19317 | Orc:1    | Noticed an orc warlord
 19491 | Orc:2    | Killed an orc warlord
 19797 | Orc:2    | Killed an orc warlord
 19822 | Orc:2    | Bought the +8 plate armour of the Wasteland {rElec rF+
                  | Will+ Str-5} for 1186 gold pieces
 19822 | Orc:2    | Bought the +3 pair of gauntlets of War {Slay+5} for 712
                  | gold pieces
 19822 | Orc:2    | Found the +3 pair of gauntlets of War {Slay+5}
 20080 | D:11     | Got the Annotations on the Damned
 20105 | D:11     | Got the Precepts of the Allied Lithosphere
 20118 | D:11     | Found a shimmering blue altar of Sif Muna.
 20282 | D:11     | Reached XP level 15. HP: 141/141 MP: 14/14
 20408 | D:11     | Got the Vellum of Algid Formation
 20410 | D:11     | Got the Exposition on Substances
 20428 | D:11     | Got the Compendium of Niveous Intoxication
 20866 | D:14     | Reached skill level 1 in Throwing
 21148 | D:14     | Found a white marble altar of Elyvilon.
 21546 | D:14     | Found a gate to the Vaults.
 21846 | D:15     | Entered Level 15 of the Dungeon
 21908 | D:15     | Found a gate leading to a gauntlet.
 21916 | Gauntlet | Entered a Gauntlet
 21916 | Gauntlet | Found a transporter.
 21916 | Gauntlet | Found a transporter.
 21928 | Gauntlet | Found a transporter.
 21942 | Gauntlet | Found a large runed translucent door.
 21943 | Gauntlet | Found a large runed translucent door.
 21944 | Gauntlet | Found a large runed translucent door.
 21944 | Gauntlet | Found a large runed translucent door.
 21944 | Gauntlet | Found a large runed translucent door.
 21944 | Gauntlet | Found a large runed translucent door.
 21944 | Gauntlet | Found a large runed translucent door.
 21944 | Gauntlet | Found a large runed translucent door.
 21945 | Gauntlet | Found a runed translucent door.
 21945 | Gauntlet | Found a runed translucent gate.
 21946 | Gauntlet | Found a transporter.
 21946 | Gauntlet | Found a runed translucent gate.
 21946 | Gauntlet | Found a transporter.
 21946 | Gauntlet | Found a transporter.
 21948 | Gauntlet | Found a transporter.
 21948 | Gauntlet | Found a transporter.
 21960 | Gauntlet | Found a transporter.
 21976 | Gauntlet | Found a transporter.
 21986 | Gauntlet | Found a transporter.
 22003 | Gauntlet | Found a transporter.
 22012 | Gauntlet | Found a large runed translucent door.
 22013 | Gauntlet | Found a large runed translucent door.
 22014 | Gauntlet | Found a large runed translucent door.
 22014 | Gauntlet | Found a large runed translucent door.
 22014 | Gauntlet | Found a large runed translucent door.
 22014 | Gauntlet | Found a large runed translucent door.
 22015 | Gauntlet | Found a large runed translucent door.
 22015 | Gauntlet | Found a large runed translucent door.
 22015 | Gauntlet | Found a runed translucent gate.
 22015 | Gauntlet | Found a runed translucent door.
 22020 | Gauntlet | Found a transporter.
 22033 | Gauntlet | Found a transporter.
 22105 | Gauntlet | Gained mutation: Armour fits poorly on your strangely
                  | shaped body. [a neqoxec]
 22184 | Gauntlet | Identified the ring "Quzaheq" {*Corrode rF+ rC+ Str+2
                  | Stlth+}
 22232 | Gauntlet | Identified the +2 cloak of Forking Paths {Str+5 Dex-2}
 22232 | Gauntlet | Identified the +3 ring mail of Tulips {rCorr}
 22491 | D:15     | Found a staircase to the Depths.
 22491 | D:15     | Noticed a fire giant
 22628 | D:15     | Killed a fire giant
 23140 | Orc:2    | Bought a ring of poison resistance for 320 gold pieces
 23337 | Swamp:1  | Entered Level 1 of the Swamp
 23432 | Swamp:1  | Noticed a fenstrider witch
 23466 | Swamp:1  | Killed a fenstrider witch
 23855 | Swamp:1  | Reached XP level 16. HP: 52/144 MP: 15/15
 25013 | Swamp:3  | Reached skill level 5 in Throwing
 25611 | Swamp:3  | Identified the serpent talisman of Xaidoz {Int+8 Slay-4}
 25611 | Swamp:3  | Noticed Aizul
 25619 | Swamp:3  | Noticed Nikola
 25625 | Swamp:3  | Killed Aizul
 25651 | Swamp:3  | Killed Nikola
 25869 | Swamp:4  | Entered Level 4 of the Swamp
 25871 | Swamp:4  | Noticed a thorn hunter
 25896 | Swamp:3  | Killed a thorn hunter
 26037 | Swamp:4  | Noticed a thorn hunter
 26451 | Swamp:4  | Identified the +0 ring mail of Theory {rPois Str+3}
 26550 | Swamp:3  | Killed a thorn hunter
 26635 | Swamp:4  | Got a decaying rune of Zot
 26667 | Swamp:4  | Found a runed translucent door.
 26676 | Swamp:4  | Noticed lugworm's ghost (adept TrEn)
 26817 | Swamp:4  | Reached XP level 17. HP: 123/161 MP: 16/16
 27150 | Spider:1 | Entered Level 1 of the Spider Nest
 27370 | Elf:1    | Entered Level 1 of the Elven Halls
 27381 | Elf:1    | Paralysed by an air elemental for 1 turns
 27591 | Elf:1    | Found Tosuabid's Antique Weapon Shoppe.
 28523 | Elf:2    | Paralysed by an air elemental for 1 turns
 28532 | Elf:2    | Paralysed by an air elemental for 1 turns
 28685 | Elf:2    | Found a runed translucent gate.
 28687 | Elf:2    | Found a runed translucent gate.
 28688 | Elf:2    | Found a runed translucent gate.
 28813 | Elf:2    | Paralysed by an air elemental for 1 turns
 29270 | Elf:3    | Entered Level 3 of the Elven Halls
 29404 | Elf:3    | Found a portal to a secret trove of treasure.
 29809 | Elf:3    | Found Okyitt's Antique Weapon Shoppe.
 29813 | Elf:3    | Bought an ivory broad axe for 171 gold pieces
 29813 | Elf:3    | Identified the +4 broad axe of the Extremes {holy, Int+3}
                  | (You bought it in a shop on level 3 of the Elven Halls)
 29815 | Elf:3    | Bought the +4 consecrated labrys {holy, Valiant ^Fragile
                  | Fly SInv} for 663 gold pieces
 29815 | Elf:3    | Found the +4 consecrated labrys {holy, Valiant ^Fragile Fly
                  | SInv}
 30146 | Elf:3    | Reached XP level 18. HP: 172/172 MP: 17/17
 30279 | Elf:3    | Reached skill level 15 in Armour
 30513 | Elf:3    | Identified the amulet of the Sun {Acrobat rN+ Will++ Int-5
                  | Stlth+}
 30647 | Elf:3    | Got the Atlas of the Cursed Mob
 30768 | Elf:3    | Identified the +3 arbalest "Duiqum" {penet, rPois rF+ rC-}
 30776 | Elf:3    | Identified the +4 flail of Righteous Fury {protect, rPois
                  | Int-5 SInv}
 30790 | Elf:3    | Identified the +6 dagger of Profit {spect, rF+ rN+ MP+9}
 30802 | Elf:3    | Identified the +7 sling of the King {antimagic, rPois Will-
                  | rCorr}
 31060 | Spider:1 | Noticed Roxanne
 31128 | Spider:1 | Reached skill level 15 in Shields
 31437 | Spider:1 | Killed Roxanne
 31771 | Spider:1 | Noticed Donald
 31780 | Spider:1 | Killed Donald
 32992 | Spider:2 | Reached skill level 10 in Throwing
 33481 | Spider:3 | Reached skill level 15 in Dodging
 34431 | Spider:4 | Entered Level 4 of the Spider Nest
 34554 | Spider:4 | Reached XP level 19. HP: 184/184 MP: 18/18
 35080 | Spider:4 | Got a gossamer rune of Zot
 35252 | Spider:4 | Noticed Arachne
 35272 | Spider:4 | Killed Arachne
 35601 | Spider:4 | Reached skill level 1 in Invocations
 35885 | Vaults:1 | Entered Level 1 of the Vaults
 37653 | Vaults:2 | Reached skill level 5 in Invocations
 37675 | Vaults:2 | Found a staircase to the Crypt.
 38206 | Vaults:3 | Reached XP level 20. HP: 183/199 MP: 22/22
 38705 | Vaults:3 | Identified the +5 arbalest of Causality {freeze, rElec}
 38843 | Vaults:3 | Found a runed translucent door.
 38846 | Vaults:3 | Noticed Aqunirr's ghost (adept FeSh)
 38920 | Vaults:3 | Found Lyutwia's Weapon Boutique.
 39226 | Vaults:3 | Killed Aqunirr's ghost
 39282 | Vaults:4 | Identified the orb "Vups" {light, rCorr Slay-3 Stlth+}
 39282 | Vaults:4 | Noticed Frederick
 39300 | Vaults:4 | Killed Frederick
 39415 | Vaults:4 | Found Xuanic's Magic Scroll Shop.
 39424 | Vaults:4 | Bought a scroll of acquirement for 1092 gold pieces
 39424 | Vaults:4 | Bought a scroll of summoning for 199 gold pieces
 39424 | Vaults:4 | Bought a scroll of teleportation for 63 gold pieces
 39425 | Vaults:4 | Acquired 1044 gold pieces
 39428 | Vaults:4 | Bought a scroll of revelation for 157 gold pieces
 39428 | Vaults:4 | Bought a scroll of enchant weapon for 157 gold pieces
 39428 | Vaults:4 | Bought a scroll of enchant weapon for 157 gold pieces
 39823 | Vaults:4 | Found Banikyorph's Weapon Shoppe.
 40095 | Vaults:4 | Found Suadgh's Magic Scroll Emporium.
 40103 | Vaults:4 | Bought a scroll of blinking for 90 gold pieces
 40103 | Vaults:4 | Bought a scroll of teleportation for 36 gold pieces
 40103 | Vaults:4 | Bought a scroll of fear for 48 gold pieces
 40447 | Vaults:4 | Found Joeruiph's Distillery.
 40452 | Vaults:4 | Bought a potion of mutation for 184 gold pieces
 40452 | Vaults:4 | Bought a potion of curing for 69 gold pieces
 40452 | Vaults:4 | Bought 2 potions of curing for 138 gold pieces
 40452 | Vaults:4 | Bought a potion of resistance for 230 gold pieces
 40452 | Vaults:4 | Bought a potion of curing for 69 gold pieces
 40452 | Vaults:4 | Bought a potion of resistance for 230 gold pieces
 40452 | Vaults:4 | Lost mutation: Armour fits poorly on your strangely shaped
                  | body. [potion of mutation]
 40452 | Vaults:4 | Gained mutation: You are agile. (Dex +4, Str/Int -1)
                  | [potion of mutation]
 40452 | Vaults:4 | Gained mutation: You are partially covered in iridescent
                  | scales. (AC +2) [potion of mutation]
 40452 | Vaults:4 | Gained mutation: You are frail. (-10% HP) [potion of
                  | mutation]
 40452 | Vaults:4 | Gained mutation: You passively map a small area around you.
                  | [potion of mutation]
 40453 | Vaults:4 | Lost mutation: You are agile. (Dex +4, Str/Int -1) [potion
                  | of mutation]
 40453 | Vaults:4 | Lost mutation: You are partially covered in iridescent
                  | scales. (AC +2) [potion of mutation]
 40453 | Vaults:4 | Gained mutation: You have hidden genetic defects. [potion
                  | of mutation]
 40453 | Vaults:4 | Gained mutation: You are clumsy. (Dex -2) [potion of
                  | mutation]
 40453 | Vaults:4 | Gained mutation: Your spells are a little harder to cast,
                  | but a little more powerful. [potion of mutation]
 40453 | Vaults:4 | Gained mutation: You have a somewhat thin skeletal
                  | structure. (Dex +2, Stealth+) [potion of mutation]
 40454 | Vaults:4 | Lost mutation: Your spells are a little harder to cast, but
                  | a little more powerful. [potion of mutation]
 40454 | Vaults:4 | Lost mutation: You have hidden genetic defects. [potion of
                  | mutation]
 40454 | Vaults:4 | Lost mutation: You passively map a small area around you.
                  | [potion of mutation]
 40454 | Vaults:4 | Gained mutation: Your flesh is cold resistant. (rC+)
                  | [potion of mutation]
 40454 | Vaults:4 | Gained mutation: A frigid envelope surrounds you and
                  | freezes all who hurt you. [potion of mutation]
 40455 | Vaults:4 | Lost mutation: You are frail. (-10% HP) [potion of
                  | mutation]
 40455 | Vaults:4 | Lost mutation: A frigid envelope surrounds you and freezes
                  | all who hurt you. [potion of mutation]
 40455 | Vaults:4 | Lost mutation: Your flesh is cold resistant. (rC+) [potion
                  | of mutation]
 40455 | Vaults:4 | Gained mutation: Your mind is acute. (Int +4, Str/Dex -1)
                  | [potion of mutation]
 40822 | Temple   | Fell from the grace of Gozag
 40822 | Temple   | Became a worshipper of the Shining One
 41102 | Crypt:1  | Entered Level 1 of the Crypt
 41244 | Crypt:1  | Reached * piety under the Shining One
 41271 | Crypt:1  | Reached ** piety under the Shining One
 41404 | Crypt:1  | Reached *** piety under the Shining One
 41419 | Crypt:1  | Reached XP level 21. HP: 209/209 MP: 26/26
 41581 | Crypt:1  | Reached **** piety under the Shining One
 41621 | Crypt:1  | Identified the +1 leather armour of Gravitas {rPois rN+
                  | rCorr Int+2}
 41839 | Crypt:2  | Identified the ring of Fostohoi {Ice Will+ Dex+2}
 41839 | Crypt:2  | Noticed Josephina
 41844 | Crypt:2  | Noticed Vv
 41846 | Crypt:2  | Reached ***** piety under the Shining One
 42106 | Crypt:2  | Killed Vv
 42500 | Crypt:3  | Entered Level 3 of the Crypt
 42531 | Crypt:3  | Identified the +0 pair of boots of Immorality {rElec rC-
                  | Str+4 Int+6}
 42707 | Crypt:3  | Reached ****** piety under the Shining One
 42744 | Crypt:3  | HP: 10/211 [ancient champion/+0 great mace (3)]
 42893 | Crypt:3  | Reached skill level 10 in Invocations
 42928 | Crypt:3  | Identified a +6 broad axe of holy wrath (a +4 broad axe
                  | blessed by the Shining One)
 42928 | Crypt:3  | Received a gift from the Shining One
 43093 | Crypt:3  | Found a staircase to the Tomb.
 43236 | Crypt:3  | Noticed an ancient lich
 43254 | Crypt:3  | Killed an ancient lich
 43265 | Crypt:3  | Noticed an ancient lich
 43265 | Crypt:3  | Noticed an ancient lich
 43278 | Crypt:3  | Killed an ancient lich
 43307 | Crypt:3  | Killed an ancient lich
 43322 | Crypt:3  | Identified the ring of the Invisible Hand {Fire Str+3}
 43622 | Crypt:1  | Killed Josephina
 44646 | Swamp:4  | Killed lugworm's ghost
 44647 | Swamp:4  | Reached XP level 22. HP: 222/222 MP: 29/29
 45100 | Depths:1 | Entered Level 1 of the Depths
 45123 | Depths:1 | Found a one-way gate to the infinite horrors of the Abyss.
 45506 | Depths:1 | Found a radiant altar of Vehumet.
 45521 | Depths:1 | Identified the +0 scale mail "Kiewu" {rPois Stlth+}
 45603 | Depths:1 | Identified the +3 shortbow of Wyrd {drain, Str+3}
 45737 | Depths:1 | Found a gateway to Hell.
 46049 | Depths:2 | Noticed Asterion
 46062 | Depths:2 | Killed Asterion
 46093 | Depths:2 | Found a one-way gate leading to the halls of Pandemonium.
 46143 | Depths:2 | Found a stormy altar of Qazlal.
 46422 | Depths:2 | Found Taturoog's Antique Armour Shop.
 46424 | Depths:2 | Found Onagoycoes's Antique Armour Boutique.
 46424 | Depths:2 | Found Doheb's Antique Armour Shop.
 46432 | Depths:2 | Found Voabiuh's Book Boutique.
 46434 | Depths:2 | Bought a glowing kite shield for 270 gold pieces
 46637 | Depths:2 | Found Vomowneo's General Store.
 46640 | Depths:2 | Bought a potion of mutation for 112 gold pieces
 46640 | Depths:2 | Bought a scroll of teleportation for 42 gold pieces
 46640 | Depths:2 | Bought a scroll of teleportation for 42 gold pieces
 46640 | Depths:2 | Bought a scroll of summoning for 133 gold pieces
 46880 | Depths:2 | Noticed a caustic shrike
 46897 | Depths:2 | Killed a caustic shrike
 47113 | Depths:2 | Noticed a golden dragon
 47133 | Depths:2 | Killed a golden dragon
 47134 | Depths:2 | Was forgiven by Gozag
 47276 | Depths:2 | Noticed a juggernaut
 47288 | Depths:2 | Killed a juggernaut
 47513 | Depths:3 | Noticed Norris
 47654 | Depths:3 | Killed Norris
 47714 | Depths:3 | Found Usmer's Antique Armour Boutique.
 47730 | Depths:3 | Found a one-way gateway to a ziggurat.
 47767 | Depths:3 | Found Oriaf's Armour Emporium.
 47812 | Depths:3 | Found a flickering gateway to a bazaar.
 47835 | Depths:3 | Noticed the Enchantress
 47843 | Bazaar   | Entered a bazaar
 47843 | Bazaar   | Found Qant's Antique Armour Shoppe.
 47843 | Bazaar   | Found Roelacin's Armour Emporium.
 47963 | Bazaar   | Found Qatryqats's Assorted Antiques.
 47971 | Bazaar   | Bought a scroll of fog for 84 gold pieces
 47977 | Bazaar   | Found Iriul's Weapon Shoppe.
 47989 | Bazaar   | Bought a spiked scarf for 220 gold pieces
 47989 | Bazaar   | Identified the scarf "Guazacom" {repulsion, Will- Dex+6}
                  | (You bought it in a shop in a bazaar)
 48010 | Depths:3 | Killed the Enchantress
 48123 | Depths:3 | Reached XP level 23. HP: 229/229 MP: 32/32
 48497 | Depths:3 | Noticed Jory
 48515 | Depths:3 | Killed Jory
 48576 | Depths:3 | Noticed Sojobo
 48586 | Depths:3 | Paralysed by an air elemental for 1 turns
 48593 | Depths:3 | Paralysed by an air elemental for 1 turns
 48601 | Depths:3 | Killed Sojobo
 48602 | Depths:3 | Reached skill level 15 in Invocations
 48969 | Depths:3 | Noticed a juggernaut
 48970 | Depths:3 | Found the +16 obsidian axe {drain, demonic, Mesm ^Drain Fly
                  | SInv}
 48990 | Depths:3 | Killed a juggernaut
 49042 | Depths:3 | Identified the ring of Yze Ussiots {Wiz rPois rF+ Str+2}
 49077 | Depths:3 | Identified the +2 orcbow of a Billion Leylines {antimagic,
                  | Str+4 Dex-4}
 49083 | Depths:3 | Identified the +4 long sword of the Special Priests
                  | {protect, rElec}
 49169 | Depths:4 | Entered Level 4 of the Depths
 49830 | Depths:4 | Found a gate to the Realm of Zot.
 50651 | Elf:3    | You paid a toll of +3 shadow dragon scales to enter a
                  | treasure trove
 50652 | Trove    | Entered a treasure trove
 50654 | Trove    | Identified the ring "Resil" {MP+9 Slay+4}
 50660 | Trove    | Identified the ring "Amuot" {Fire Str+3 Dex+2}
 50668 | Trove    | Identified the amulet "Kaatim" {Reflect Harm Rampage
                  | ^Fragile SH+5}
 50680 | Trove    | Identified the ring of Icheotap {*Corrode rC++ MP+9 Int+4}
 50682 | Trove    | Identified the amulet of the Ikuchi {Reflect rN+ SH+5}
 50687 | Trove    | Identified the ring "Jaiqiguh" {rPois rCorr EV+5}
 51278 | Vaults:5 | Entered Level 5 of the Vaults
 51284 | Vaults:5 | Noticed Xtahua
 51312 | Vaults:4 | Killed Xtahua
 51405 | Vaults:5 | Reached XP level 24. HP: 156/238 MP: 35/35
 51764 | Vaults:5 | Noticed Boris
 51772 | Vaults:5 | Killed Boris
 51962 | Vaults:5 | Found Xibaigh's Magic Scroll Boutique.
 51967 | Vaults:5 | Bought a scroll of enchant armour for 157 gold pieces
 51967 | Vaults:5 | Bought a scroll of teleportation for 63 gold pieces
 51967 | Vaults:5 | Bought a scroll of teleportation for 63 gold pieces
 51977 | Vaults:5 | Found Xausudy's Distillery.
 51982 | Vaults:5 | Bought a potion of heal wounds for 50 gold pieces
 51982 | Vaults:5 | Bought a potion of cancellation for 80 gold pieces
 51982 | Vaults:5 | Bought a potion of curing for 30 gold pieces
 51982 | Vaults:5 | Bought a potion of curing for 30 gold pieces
 51982 | Vaults:5 | Bought a potion of heal wounds for 50 gold pieces
 51982 | Vaults:5 | Bought a potion of haste for 100 gold pieces
 51982 | Vaults:5 | Bought a potion of mutation for 80 gold pieces
 51982 | Vaults:5 | Bought a potion of haste for 100 gold pieces
 52050 | Vaults:5 | Found Raop's Magic Scroll Emporium.
 52055 | Vaults:5 | Bought 3 scrolls of teleportation for 117 gold pieces
 52055 | Vaults:5 | Bought a scroll of blinking for 97 gold pieces
 52055 | Vaults:5 | Bought a scroll of teleportation for 39 gold pieces
 52055 | Vaults:5 | Bought a scroll of blinking for 97 gold pieces
 52138 | Vaults:5 | Found Isopn's Assorted Antiques.
 52146 | Vaults:5 | Bought a scroll of fog for 120 gold pieces
 52214 | Vaults:5 | Found Webir's Jewellery Shoppe.
 52219 | Vaults:5 | Found Xiblo's Distillery.
 52227 | Vaults:5 | Bought a potion of mutation for 112 gold pieces
 52227 | Vaults:5 | Bought a potion of curing for 42 gold pieces
 52227 | Vaults:5 | Bought a potion of curing for 42 gold pieces
 52235 | Vaults:5 | Noticed a dread lich
 52246 | Vaults:5 | Killed a dread lich
 52251 | Vaults:5 | Got a silver rune of Zot
 53183 | Zot:1    | Entered Level 1 of the Realm of Zot
 53645 | Zot:1    | You fall into a shaft and drop 1 floor!
 53788 | Zot:2    | Reached XP level 25. HP: 161/245 MP: 37/37
 53981 | Zot:2    | Noticed a Killer Klown
 54003 | Zot:2    | Killed a Killer Klown
 54387 | Zot:2    | Found a transporter.
 56338 | Zot:3    | Noticed Parghit
 56485 | Zot:2    | Killed Parghit
 56925 | Zot:3    | Found a hide-covered altar of Uskayaw.
 57050 | Zot:4    | Noticed an orb of fire
 57062 | Zot:4    | Killed an orb of fire
 57216 | Zot:4    | Noticed Grunn
 57234 | Zot:4    | Killed Grunn
 57830 | Zot:4    | Noticed a Killer Klown
 57837 | Zot:4    | Killed a Killer Klown
 58209 | Hell     | Entered the Vestibule of Hell
 58209 | Hell     | Noticed Geryon
 58243 | Hell     | Killed Geryon
 58310 | Hell     | Reached XP level 26. HP: 244/254 MP: 39/39
 58379 | Hell     | Reached skill level 27 in Invocations
 58379 | Hell     | Found a gateway to the decaying netherworld of Tartarus.
 58431 | Hell     | Found a gateway to the freezing wastes of Cocytus.
 58610 | Hell     | Found a gateway to the ashen valley of Gehenna.
 58760 | Hell     | Found a gateway to the Iron City of Dis.
 58867 | Dis:1    | Entered Level 1 of the Iron City of Dis
 59589 | Dis:2    | You fall into a shaft and drop 2 floors!
 59988 | Dis:5    | Noticed a dread lich
 59999 | Dis:5    | Killed a dread lich
 60402 | Dis:5    | Noticed a dread lich
 60408 | Dis:5    | Killed a dread lich
 61422 | Dis:7    | Entered Level 7 of the Iron City of Dis
 62771 | Dis:7    | Noticed a juggernaut
 62782 | Dis:7    | Killed a juggernaut
 62785 | Dis:7    | Reached XP level 27. HP: 177/264 MP: 34/39
 62999 | Dis:7    | Identified the +6 arbalest of Plunder {drain, rN+ Int+3}
 63277 | Dis:7    | Noticed a juggernaut
 63765 | Dis:7    | Identified the staff of Ethereal Watchfulness {Stlth+ Conj}
 65160 | Dis:7    | Noticed a juggernaut
 65167 | Dis:7    | Killed a juggernaut
 65326 | Dis:7    | Identified the ring of Twilight {+Blink Fly Dex+6}
 65326 | Dis:7    | Noticed Dispater
 65354 | Dis:7    | Killed Dispater
 65397 | Dis:7    | Found the +7 great mace "Firestarter" {flame, immolate,
                  | rFlCloud rF++}
 65426 | Dis:7    | Got an iron rune of Zot
 65431 | Dis:7    | Identified the +0 leather armour of Gluttony {-Cast rC+
                  | Str-2 Dex+8}
 65592 | Tar:1    | Entered Level 1 of Tartarus
 66938 | Tar:5    | Noticed a dread lich
 66947 | Tar:5    | Killed a dread lich
 67634 | Tar:7    | Entered Level 7 of Tartarus
 68491 | Tar:7    | Noticed an ancient lich
 68499 | Tar:7    | Killed an ancient lich
 68691 | Tar:7    | Noticed a dread lich
 68831 | Tar:7    | Identified the +9 orcbow "Uczy" {freeze, Str+2}
 68845 | Tar:7    | Identified the +8 plate armour of Laipn {Rampage Dex+3}
 68876 | Tar:7    | Identified the +3 chain mail of Atheism {rElec Slay+2}
 68904 | Tar:7    | Killed a dread lich
 69067 | Tar:7    | Identified the amulet of Kypp {Spirit *Corrode rC+ Regen+
                  | Str+5}
 69598 | Tar:7    | Identified the ring "Feym" {rC+ Str+8}
 69607 | Tar:7    | Identified the ring of the Sunfish {rCorr Str-5 Int+3
                  | Dex+5}
 69610 | Tar:7    | Identified the ring of Igiyguthrei {Fly rPois rC+ Will+
                  | SInv}
 69614 | Tar:7    | Identified the +1 halberd "Sastryo" {freeze, rPois rF++
                  | Str+3 Dex-5}
 69615 | Tar:7    | Identified the +0 morningstar of Gallantry {flame, rF- rC+
                  | rCorr}
 69646 | Tar:7    | Identified the +5 arbalest of the Burning Gods {speed,
                  | *Corrode Int+8 Dex+4}
 70336 | Tar:7    | Noticed Ereshkigal
 70347 | Tar:7    | Killed Ereshkigal
 70389 | Tar:7    | Got a bone rune of Zot
 70551 | Geh:1    | Entered Level 1 of Gehenna
 70627 | Geh:1    | Found a burning altar of Makhleb.
 70843 | Geh:2    | Reached skill level 27 in Fighting
 70864 | Geh:2    | Reached skill level 27 in Axes
 72179 | Geh:7    | Entered Level 7 of Gehenna
 72572 | Geh:7    | Found the +13 sceptre of Asmodeus
 72572 | Geh:7    | Noticed Asmodeus
 72601 | Geh:7    | Killed Asmodeus
 72625 | Geh:7    | Got an obsidian rune of Zot
 73027 | Geh:7    | Identified the ring of Vonotak {rN+ Int+2}
 73110 | Geh:7    | Found the +12 glaive of Prune {freeze, Prune}
 73115 | Geh:7    | Got the Treatise on Doomed Esoterica
 73126 | Geh:7    | Got Pekk's Compendium of Incineration and Hermetica
 73135 | Geh:7    | Identified the +8 sling of Untimely Demise {heavy, rF+}
 74305 | Coc:1    | Entered Level 1 of Cocytus
 74624 | Coc:2    | Paralysed by a wendigo for 1 turns
 74903 | Coc:3    | Noticed a dread lich
 74912 | Coc:3    | Killed a dread lich
 75082 | Coc:4    | Lost mutation: Your mind is acute. (Int +4, Str/Dex -1)
                  | [mutagenic glow]
 75103 | Coc:4    | Gained mutation: You are dopey. (Int -2) [mutagenic glow]
 75125 | Coc:4    | Gained mutation: You occasionally lose the ability to read
                  | scrolls when taking damage. [mutagenic glow]
 75934 | Coc:7    | Entered Level 7 of Cocytus
 76189 | Coc:7    | Noticed the Serpent of Hell
 76200 | Coc:7    | Killed the Serpent of Hell
 76507 | Coc:7    | Paralysed by a wendigo for 1 turns
 76771 | Coc:7    | Reached skill level 27 in Armour
 77203 | Coc:7    | Noticed Antaeus
 77222 | Coc:7    | Killed Antaeus
 77249 | Coc:7    | Got an icy rune of Zot
 77281 | Coc:7    | Got the Tome of the Hapless Fjord
 77287 | Coc:7    | Identified the staff "Allymywe" {rElec Dex+2 Air}
 77542 | Hell     | Lost mutation: You occasionally lose the ability to read
                  | scrolls when taking damage. [potion of mutation]
 77542 | Hell     | Lost mutation: You have a somewhat thin skeletal structure.
                  | (Dex +2, Stealth+) [potion of mutation]
 77542 | Hell     | Lost mutation: You are dopey. (Int -2) [potion of mutation]
 77542 | Hell     | Gained mutation: You have sharp fingernails. [potion of
                  | mutation]
 77542 | Hell     | Gained mutation: You have sharp toenails. [potion of
                  | mutation]
 77795 | Tomb:1   | Entered Level 1 of the Tomb of the Ancients
 78451 | Tomb:1   | Noticed a royal mummy
 78872 | Tomb:1   | Killed a royal mummy
 79511 | Tomb:2   | Noticed a royal mummy
 79511 | Tomb:2   | Noticed a royal mummy
 79511 | Tomb:2   | Noticed Boris
 79519 | Tomb:2   | Noticed a royal mummy
 79522 | Tomb:2   | Killed a royal mummy
 79526 | Tomb:2   | Noticed a royal mummy
 79793 | Tomb:2   | Identified the +7 spear of the Changing Gods {freeze, rElec
                  | rC- SInv Stlth+}
 79801 | Tomb:2   | Killed a royal mummy
 79801 | Tomb:2   | Killed Boris
 79802 | Tomb:2   | Killed a royal mummy
 79803 | Tomb:2   | Killed a royal mummy
 79807 | Tomb:2   | Reached skill level 27 in Dodging
 80087 | Tomb:2   | Identified the +8 falchion "Amman" {drain, MP+9 Int-5
                  | Dex+6}
 80553 | Tomb:3   | Entered Level 3 of the Tomb of the Ancients
 80573 | Tomb:2   | Gained mutation: You are very clumsy. (Dex -4) [mutagenic
                  | glow]
 80592 | Tomb:2   | Gained mutation: Your magical capacity is low. (-10% MP)
                  | [mutagenic glow]
 80610 | Tomb:2   | Gained mutation: You are dopey. (Int -2) [mutagenic glow]
 80619 | Tomb:2   | Gained mutation: You occasionally lose the ability to drink
                  | potions when taking damage. [mutagenic glow]
 80666 | Tomb:2   | Lost mutation: You are dopey. (Int -2) [potion of mutation]
 80666 | Tomb:2   | Lost mutation: You are very clumsy. (Dex -4) [potion of
                  | mutation]
 80666 | Tomb:2   | Gained mutation: You have a pair of large horns on your
                  | head. [potion of mutation]
 80667 | Tomb:2   | Lost mutation: You have sharp toenails. [potion of
                  | mutation]
 80667 | Tomb:2   | Lost mutation: You are clumsy. (Dex -2) [potion of
                  | mutation]
 80667 | Tomb:2   | Gained mutation: You are clumsy. (Dex -2) [potion of
                  | mutation]
 80667 | Tomb:2   | Gained mutation: Your spells are a little harder to cast,
                  | but a little more powerful. [potion of mutation]
 80667 | Tomb:2   | Gained mutation: You expend magic power (3 MP) to
                  | strengthen your wands. [potion of mutation]
 80668 | Tomb:2   | Lost mutation: You occasionally lose the ability to drink
                  | potions when taking damage. [potion of mutation]
 80668 | Tomb:2   | Lost mutation: You are clumsy. (Dex -2) [potion of
                  | mutation]
 80668 | Tomb:2   | Lost mutation: You have a pair of large horns on your head.
                  | [potion of mutation]
 80668 | Tomb:2   | Gained mutation: Your health recovers twice as slowly from
                  | being drained. [potion of mutation]
 80703 | Tomb:3   | Noticed a royal mummy
 80703 | Tomb:3   | Noticed a royal mummy
 80705 | Tomb:3   | Noticed a royal mummy
 80706 | Tomb:3   | Noticed a royal mummy
 80707 | Tomb:3   | Noticed a royal mummy
 80708 | Tomb:3   | Noticed a royal mummy
 80709 | Tomb:3   | Killed a royal mummy
 80709 | Tomb:3   | Noticed a royal mummy
 80710 | Tomb:3   | Reached skill level 27 in Shields
 80715 | Tomb:3   | Killed a royal mummy
 80720 | Tomb:3   | Noticed a royal mummy
 80725 | Tomb:3   | Killed a royal mummy
 80726 | Tomb:3   | Killed a royal mummy
 80727 | Tomb:3   | HP: 4/273 [royal mummy/divine providence (13)]
 80728 | Tomb:3   | Found the +10 dark maul {heavy}
 81134 | Tomb:3   | Noticed a royal mummy
 81137 | Tomb:3   | Killed a royal mummy
 81144 | Tomb:3   | Killed a royal mummy
 81147 | Tomb:3   | Killed a royal mummy
 81158 | Tomb:3   | Gained mutation: You occasionally lose the ability to drink
                  | potions when taking damage. [mutagenic glow]
 81163 | Tomb:3   | Killed a royal mummy
 81165 | Tomb:3   | Killed a royal mummy
 81183 | Tomb:3   | Gained mutation: You are frail. (-10% HP) [mutagenic glow]
 81197 | Tomb:3   | Lost mutation: Your spells are a little harder to cast, but
                  | a little more powerful. [mutagenic glow]
 81336 | Tomb:3   | Identified the +1 glaive of Iruvem {pain, *Slow Str+3
                  | Stlth+}
 81339 | Tomb:3   | Identified the +2 cloak of Creativity {*Slow Int+2 Stlth+}
 81349 | Tomb:3   | Identified the staff "Eguog Xeweg" {Str+4 Dex-5 Conj Hexes}
 81357 | Tomb:3   | Identified the +3 plate armour "Neuzos" {Will+ Int+4}
 81358 | Tomb:3   | Identified the +2 lajatang of Mun Her {freeze, Dex+9}
 81466 | Tomb:3   | Identified the +10 quarterstaff of Viomp {pain, *Noise rC++
                  | rN+++}
 81533 | Tomb:3   | Identified the ring "Ecvyfithrupn" {Fire rN+}
 81653 | Tomb:3   | Got a golden rune of Zot
 82043 | Depths:2 | Lost mutation: Your magical capacity is low. (-10% MP)
                  | [potion of mutation]
 82043 | Depths:2 | Lost mutation: You have sharp fingernails. [potion of
                  | mutation]
 82043 | Depths:2 | Gained mutation: You passively map a small area around you.
                  | [potion of mutation]
 82043 | Depths:2 | Gained mutation: You have a pair of large horns on your
                  | head. [potion of mutation]
 82044 | Depths:2 | Lost mutation: Your health recovers twice as slowly from
                  | being drained. [potion of mutation]
 82044 | Depths:2 | Lost mutation: You are frail. (-10% HP) [potion of
                  | mutation]
 82044 | Depths:2 | Lost mutation: You expend magic power (3 MP) to strengthen
                  | your wands. [potion of mutation]
 82044 | Depths:2 | Lost mutation: You have a pair of large horns on your head.
                  | [potion of mutation]
 82071 | Pan      | Entered Pandemonium
 82353 | Pan      | Noticed Xideddavui the pandemonium lord
 82374 | Pan      | Killed Xideddavui the pandemonium lord
 82477 | Pan      | Reached skill level 15 in Throwing
 82554 | Pan      | Gained mutation: You are occasionally teleported next to
                  | monsters. [a neqoxec]
 82620 | Pan      | Gained mutation: Armour fits poorly on your strangely
                  | shaped body. [a cacodemon]
 82864 | Pan      | Noticed Cetagann the pandemonium lord
 82881 | Pan      | Killed Cetagann the pandemonium lord
 83274 | Pan      | Gained mutation: You occasionally shout uncontrollably at
                  | your foes. [a neqoxec]
 83287 | Pan      | Noticed Seidghoci the pandemonium lord
 83307 | Pan      | Killed Seidghoci the pandemonium lord
 83331 | Pan      | Noticed Quugozue the pandemonium lord
 83344 | Pan      | Killed Quugozue the pandemonium lord
 83380 | Pan      | Gained mutation: You are clumsy. (Dex -2) [a neqoxec]
 83457 | Pan      | Noticed Mennas
 83471 | Pan      | Killed Mennas
 83487 | Pan      | Gained mutation: You are dopey. (Int -2) [a cacodemon]
 83490 | Pan      | Gained mutation: You are partially covered in iridescent
                  | scales. (AC +2) [a cacodemon]
 83797 | Pan      | Found a huge runed translucent gate.
 83798 | Pan      | Found a huge runed translucent gate.
 83799 | Pan      | Found a huge runed translucent gate.
 83799 | Pan      | Found a huge runed translucent gate.
 83799 | Pan      | Found a huge runed translucent gate.
 83799 | Pan      | Found a huge runed translucent gate.
 83800 | Pan      | Found a huge runed translucent gate.
 83827 | Pan      | Noticed Jetoneq the pandemonium lord
 83842 | Pan      | Killed Jetoneq the pandemonium lord
 83887 | Pan      | Entered the realm of Cerebov.
 84335 | Pan      | Found the +6 sword of Cerebov {flame}
 84335 | Pan      | Noticed Cerebov
 84371 | Pan      | Lost mutation: You occasionally lose the ability to drink
                  | potions when taking damage. [potion of mutation]
 84371 | Pan      | Lost mutation: You are partially covered in iridescent
                  | scales. (AC +2) [potion of mutation]
 84371 | Pan      | Lost mutation: You occasionally shout uncontrollably at
                  | your foes. [potion of mutation]
 84371 | Pan      | Gained mutation: You occasionally shout uncontrollably at
                  | your foes. [potion of mutation]
 84371 | Pan      | Gained mutation: You have a pair of large horns on your
                  | head. [potion of mutation]
 84372 | Pan      | Lost mutation: You are occasionally teleported next to
                  | monsters. [potion of mutation]
 84372 | Pan      | Lost mutation: Armour fits poorly on your strangely shaped
                  | body. [potion of mutation]
 84372 | Pan      | Gained mutation: Your body sometimes deteriorates upon
                  | taking damage. [potion of mutation]
 84372 | Pan      | Gained mutation: You are vulnerable to cold. (rC-) [potion
                  | of mutation]
 84372 | Pan      | Lost mutation: You are dopey. (Int -2) [potion of mutation]
 84688 | Pan      | Got Ruc Ytz's Vellum of the Virous Welkin
 84813 | Pan      | Killed Cerebov
 84870 | Pan      | Got a fiery rune of Zot
 84893 | Pan      | Identified the staff "Beetle's Bane" {Str+5 Conj}
 85058 | Pan      | Identified the +2 trident "Zesewumuo" {drain, ^Fragile
                  | rElec Int+3 Dex+3}
 85066 | Pan      | Identified the +10 falchion of Equilibrium {flame, *Rage
                  | rPois rF+ MP+9}
 85067 | Pan      | Identified the +2 dagger of Iconoclasm {pain, +Blink Str+3
                  | Int-3 SInv}
 85068 | Pan      | Identified the +6 falchion of the Fox {venom, rF+}
 85427 | Pan      | Identified the +2 war axe "Qusicrug" {freeze, rPois rF+
                  | Str+3 SInv}
 85655 | Pan      | Found an exit through the horrors of the Abyss.
 85953 | Pan      | Identified the staff of Herchurchu {rPois rN+ Int+4 Necro}
 85955 | Pan      | Identified the +7 orcbow of Luesiga {antimagic, rN+ Str+4
                  | Int+2 Stlth+}
 86050 | Pan      | Entered the realm of Mnoleg.
 86054 | Pan      | Gained mutation: You are vulnerable to heat. (rF-) [a
                  | cacodemon]
 86215 | Pan      | Found an exit through the horrors of the Abyss.
 86745 | Pan      | Gained mutation: Your body often deteriorates upon taking
                  | damage. [a cacodemon]
 86969 | Pan      | Noticed Mnoleg
 86994 | Pan      | Killed Mnoleg
 86998 | Pan      | Gained mutation: You are very vulnerable to heat. (rF--) [a
                  | cacodemon]
 87036 | Pan      | Got a glowing rune of Zot
 87204 | Pan      | Gained mutation: You have hidden genetic defects. [a
                  | neqoxec]
 87223 | Pan      | Gained mutation: You occasionally lose the ability to read
                  | scrolls when taking damage. [a neqoxec]
 87331 | Pan      | Gained mutation: You sometimes lose the ability to read
                  | scrolls when taking damage. [a neqoxec]
 87485 | Pan      | Lost mutation: You are vulnerable to cold. (rC-) [potion of
                  | mutation]
 87485 | Pan      | Lost mutation: You occasionally shout uncontrollably at
                  | your foes. [potion of mutation]
 87485 | Pan      | Gained mutation: You are frail. (-10% HP) [potion of
                  | mutation]
 87485 | Pan      | Gained mutation: Your system is resistant to poisons.
                  | (rPois) [potion of mutation]
 87486 | Pan      | Lost mutation: You are clumsy. (Dex -2) [potion of
                  | mutation]
 87486 | Pan      | Lost mutation: Your system is resistant to poisons. (rPois)
                  | [potion of mutation]
 87486 | Pan      | Lost mutation: Your body often deteriorates upon taking
                  | damage. [potion of mutation]
 87486 | Pan      | Lost mutation: You are frail. (-10% HP) [potion of
                  | mutation]
 87487 | Pan      | Lost mutation: You sometimes lose the ability to read
                  | scrolls when taking damage. [potion of mutation]
 87487 | Pan      | Lost mutation: You are very vulnerable to heat. (rF--)
                  | [potion of mutation]
 87487 | Pan      | Lost mutation: Your body sometimes deteriorates upon taking
                  | damage. [potion of mutation]
 87487 | Pan      | Gained mutation: Your system is resistant to poisons.
                  | (rPois) [potion of mutation]
 87488 | Pan      | Lost mutation: You have a pair of large horns on your head.
                  | [potion of mutation]
 87488 | Pan      | Lost mutation: You occasionally lose the ability to read
                  | scrolls when taking damage. [potion of mutation]
 87488 | Pan      | Lost mutation: You have hidden genetic defects. [potion of
                  | mutation]
 87488 | Pan      | Gained mutation: You expend magic power (3 MP) to
                  | strengthen your wands. [potion of mutation]
 87633 | Pan      | Found a transporter.
 87800 | Pan      | Found a transporter.
 87838 | Pan      | Noticed Tyliaxzi the pandemonium lord
 87859 | Pan      | Killed Tyliaxzi the pandemonium lord
 88147 | Pan      | Found an exit through the horrors of the Abyss.
 88616 | Pan      | Noticed Zafag the pandemonium lord
 88635 | Pan      | Killed Zafag the pandemonium lord
 88687 | Pan      | Noticed Vule the pandemonium lord
 88699 | Pan      | Killed Vule the pandemonium lord
 89058 | Pan      | Found an exit through the horrors of the Abyss.
 89460 | Pan      | Noticed Zafagos the pandemonium lord
 89480 | Pan      | Killed Zafagos the pandemonium lord
 89504 | Pan      | Gained mutation: You occasionally shout uncontrollably at
                  | your foes. [a neqoxec]
 89623 | Pan      | Entered the realm of Lom Lobon.
 90670 | Pan      | Noticed Lom Lobon
 90688 | Pan      | Killed Lom Lobon
 90695 | Pan      | Got a magical rune of Zot
 90904 | Pan      | Entered the realm of Gloorx Vloq.
 90938 | Pan      | Reached skill level 27 in Throwing
 90939 | Pan      | Reached skill level 1 in Evocations
 90946 | Pan      | Noticed Gloorx Vloq
 90959 | Pan      | Killed Gloorx Vloq
 90974 | Pan      | Reached skill level 5 in Evocations
 91080 | Pan      | Got a dark rune of Zot
 91239 | Pan      | Found an exit through the horrors of the Abyss.
 91823 | Pan      | Found an exit through the horrors of the Abyss.
 91884 | Pan      | Found a huge runed translucent gate.
 91957 | Pan      | Identified the +2 robe of Loew {rPois rF- Regen+ Slay+3}
 92722 | Pan      | Found a huge runed translucent gate.
 92723 | Pan      | Found a huge runed translucent gate.
 92723 | Pan      | Found a huge runed translucent gate.
 92723 | Pan      | Found a huge runed translucent gate.
 92723 | Pan      | Found a huge runed translucent gate.
 92724 | Pan      | Found a huge runed translucent gate.
 92735 | Pan      | Noticed Qiefuyja the pandemonium lord
 92752 | Pan      | Killed Qiefuyja the pandemonium lord
 92766 | Pan      | Reached skill level 10 in Evocations
 93299 | Pan      | Found a white marble altar of Elyvilon.
 96047 | Pan      | Identified the +10 short sword of Huisid {protect, rPois
                  | rN+ Will+}
 96074 | Pan      | Noticed a seraph
 96077 | Pan      | Identified the +3 buckler "Beggadod" {MP+9 Dex+4}
 96081 | Pan      | Killed a seraph
 96084 | Pan      | Identified the +9 arbalest of the Lusting Blowfly {freeze,
                  | rF- Will- rCorr SInv}
 96121 | Pan      | Reached skill level 15 in Evocations
 96232 | Pan      | Found a glowing golden altar of the Shining One.
 96250 | Pan      | Got a demonic rune of Zot
 96260 | Pan      | Got Sif Muna's Quarto of Kinetic Energy and Relocation
 96262 | Pan      | Got the Almanac of Nival Ashes
 96862 | Pan      | Identified the +8 tower shield of the Salamander {rPois
                  | Int+2 Dex+4}
 97073 | Pan      | Found a glowing silver altar of Zin.
 97191 | Depths:2 | Escaped Pandemonium
 97221 | Depths:1 | Voluntarily entered the Abyss.
 97250 | Abyss:1  | Found a corrupted altar of Lugonu.
 97274 | Abyss:1  | Found a corrupted altar of Lugonu.
 97277 | Abyss:1  | Found a corrupted altar of Lugonu.
 97294 | Abyss:2  | Gained mutation: You are clumsy. (Dex -2) [a neqoxec]
 97873 | Depths:1 | Escaped the Abyss
 98149 | Depths:1 | Voluntarily entered the Abyss.
 98417 | Abyss:3  | Found a corrupted altar of Lugonu.
 98600 | Abyss:3  | Paralysed by accursed screaming for 1 turns
 98712 | Abyss:3  | Found a corrupted altar of Lugonu.
 99225 | Abyss:4  | Gained mutation: You occasionally lose the ability to drink
                  | potions when taking damage. [a neqoxec]
 99675 | Abyss:4  | Got an abyssal rune of Zot
 99716 | Abyss:4  | Paralysed by accursed screaming for 1 turns
 99725 | Depths:1 | Escaped the Abyss
 99936 | Slime:1  | Entered Level 1 of the Pits of Slime
100065 | Slime:2  | Gained mutation: You are frail. (-10% HP) [a shining eye]
100131 | Slime:2  | Gained mutation: You do not regenerate when monsters are
                  | visible. [a shining eye]
100217 | Slime:5  | Entered Level 5 of the Pits of Slime
100466 | Slime:4  | Noticed Dissolution
100478 | Slime:4  | Killed Dissolution
100478 | Slime:4  | Gained mutation: You sometimes lose the ability to drink
                  | potions when taking damage. [a shining eye]
100946 | Slime:5  | Noticed the Royal Jelly
100958 | Slime:5  | Killed the Royal Jelly
101218 | Slime:5  | Got a slimy rune of Zot
101219 | Slime:5  | Identified the dragon-blood talisman of Lor Yppymp {rN+
                  | Str-3 SInv Stlth+}
101764 | Zig:1    | Entered Level 1 of a ziggurat
101771 | Zig:1    | Identified the +2 chain mail of Submission {Rampage rElec
                  | rC- SInv}
101781 | Zig:2    | Entered Level 2 of a ziggurat
101806 | Zig:3    | Entered Level 3 of a ziggurat
101838 | Zig:4    | Entered Level 4 of a ziggurat
101859 | Zig:4    | Got the Quarto of Vexatious Immolation
101868 | Zig:5    | Entered Level 5 of a ziggurat
101897 | Zig:5    | Got the Elucidation of Ill Luck and Cinders
101898 | Zig:5    | Identified the amulet "Topiqug" {Regen+ rCorr Dex+3}
101917 | Zig:6    | Entered Level 6 of a ziggurat
102031 | Zig:6    | Identified the death talisman of Repulsion {Int+6 Dex-2}
102036 | Zig:7    | Entered Level 7 of a ziggurat
102090 | Zig:7    | Lost mutation: You passively map a small area around you.
                  | [potion of mutation]
102090 | Zig:7    | Lost mutation: You sometimes lose the ability to drink
                  | potions when taking damage. [potion of mutation]
102090 | Zig:7    | Lost mutation: You are clumsy. (Dex -2) [potion of
                  | mutation]
102090 | Zig:7    | Gained mutation: You have sharp toenails. [potion of
                  | mutation]
102198 | Zig:8    | Entered Level 8 of a ziggurat
102206 | Zig:8    | Found the dreamshard necklace {Acrobat *Dream}
102270 | Zig:8    | Identified the +0 rapier of Wuhasm {holy, rF+ Str+6}
102275 | Zig:8    | Lost mutation: You do not regenerate when monsters are
                  | visible. [potion of mutation]
102275 | Zig:8    | Lost mutation: You occasionally shout uncontrollably at
                  | your foes. [potion of mutation]
102275 | Zig:8    | Lost mutation: You are vulnerable to heat. (rF-) [potion of
                  | mutation]
102275 | Zig:8    | Lost mutation: You occasionally lose the ability to drink
                  | potions when taking damage. [potion of mutation]
102275 | Zig:8    | Gained mutation: Your magical capacity is low. (-10% MP)
                  | [potion of mutation]
102362 | Zig:9    | Entered Level 9 of a ziggurat
102413 | Zig:9    | Identified the ring of Jighepock {rC+ MP-9 Slay+5}
102419 | Zig:9    | Identified the ring of Toubaqotae {Ice Will+ rCorr Slay+2}
102436 | Zig:9    | Acquired a manual of Spellcasting
102442 | Zig:10   | Entered Level 10 of a ziggurat
102480 | Zig:10   | Identified the +3 rapier of Jagapaur {protect, rPois}
102488 | Zig:10   | Identified the +3 sling "Zirrif Cupn" {speed, Will++}
102496 | Zig:11   | Entered Level 11 of a ziggurat
102508 | Zig:11   | Noticed Quco the pandemonium lord
102519 | Zig:11   | Killed Quco the pandemonium lord
102625 | Zig:11   | Identified the +1 robe of the Candlemaker {Rampage Str+4
                  | Int-2 Dex+7}
102651 | Zig:12   | Entered Level 12 of a ziggurat
102912 | Zot:5    | Entered Level 5 of the Realm of Zot
103450 | Zot:5    | Noticed an ancient lich
103452 | Zot:5    | Noticed an ancient lich
103465 | Zot:5    | Killed an ancient lich
103465 | Zot:5    | Killed an ancient lich
103542 | Zot:5    | Noticed a dread lich
103547 | Zot:5    | Killed a dread lich
103547 | Zot:5    | Noticed an orb of fire
103556 | Zot:5    | Killed an orb of fire
103573 | Zot:5    | Noticed an ancient lich
103581 | Zot:5    | Killed an ancient lich
103615 | Zot:5    | Noticed an ancient lich
103616 | Zot:5    | Noticed an orb of fire
103616 | Zot:5    | Gained mutation: You have razor-sharp toenails. [an orb of
                  | fire]
103625 | Zot:5    | Killed an orb of fire
103625 | Zot:5    | Killed an ancient lich
103946 | Zot:5    | Noticed a dread lich
103951 | Zot:5    | Noticed an orb of fire
103953 | Zot:5    | Killed a dread lich
103954 | Zot:5    | Noticed an ancient lich
103954 | Zot:5    | Noticed an orb of fire
103960 | Zot:5    | Killed an orb of fire
103960 | Zot:5    | Killed an ancient lich
103963 | Zot:5    | Gained mutation: You are very frail. (-20% HP) [an orb of
                  | fire]
103963 | Zot:5    | Gained mutation: You are occasionally teleported next to
                  | monsters. [an orb of fire]
103964 | Zot:5    | Killed an orb of fire
103977 | Zot:5    | Noticed a dread lich
103978 | Zot:5    | Noticed a dread lich
103985 | Zot:5    | Killed a dread lich
103989 | Zot:5    | Killed a dread lich
103992 | Zot:5    | Reached skill level 27 in Evocations
103992 | Zot:5    | Reached skill level 1 in Stealth
104337 | Zot:5    | Got the Orb of Zot
104403 | Zot:2    | Lost mutation: You are occasionally teleported next to
                  | monsters. [potion of mutation]
104403 | Zot:2    | Lost mutation: You are very frail. (-20% HP) [potion of
                  | mutation]
104403 | Zot:2    | Lost mutation: You have razor-sharp toenails. [potion of
                  | mutation]
104403 | Zot:2    | Gained mutation: Your health recovers twice as slowly from
                  | being drained. [potion of mutation]
104403 | Zot:2    | Lost mutation: Your health recovers twice as slowly from
                  | being drained. [potion of mutation]
104403 | Zot:2    | Lost mutation: You have sharp toenails. [potion of
                  | mutation]
104845 | D:$      | Escaped with the Orb!

Illustrated notes

Levels and vault maps discovered:
D:1:      dpeg_arrival_central, layout_rooms, grunt_decor_one_mirror
D:2:      layout_basic, ebering_ecumenical_altar_abandoned, serial_shops,
          nicolae_shop_industrial_runoff
D:3:      kennysheep_slugbush, layout_loops_cross, mainiacjoe_overflow_chevrons
D:4:      layout_loops_ring, minmay_temple_entry_junction,
          nicolae_elevator_lobby_plus, uniq_eustachio, uniq_pikel, uniq_duvessa
D:5:      layout_loops_corners, uniq_sigmund, uniq_grinder
D:6:      layout_loops_cross, mainiacjoe_overflow_catwalk_spiral
D:7:      layout_basic, dreamdust_gnoll_shepherd
D:8:      layout_rooms, nicolae_grassy_gnolls
D:9:      layout_rooms, serial_shops, nicolae_shop_peninsula
D:10:     layout_grid_maze, mainiacjoe_overflow_catwalk,
          minmay_lair_entry_grove, uniq_harold, uniq_maggie
D:11:     evilmike_library_of_no_secrets, layout_rooms,
          chequers_serial_rivers_small_b
D:12:     layout_cave_pools, serial_shops, nicolae_shop_real_fake_doors
D:13:     layout_cave_pools, amcnicky_mini_pool_small
D:14:     layout_irregular_city, grunt_vaults_entry_fortified,
          hangedman_decor_riveting, elyvilon_altar_1
D:15:     grunt_enter_depths_giant_problem, layout_loops_cross,
          gauntlet_entry_generic
Temple:   regret_index_temple_chain_breaker
Lair:1:   layout_loops_ring, nicolae_quartered_pool_little, grunt_megastairs_3
Lair:2:   layout_gridlike, nicolae_spider_entry_non_spiders, minivault_27
Lair:3:   layout_roguey, palyth_hydra_swamp_entry, lemuel_old_faithful,
          uniq_nessos
Lair:4:   layout_cellular_growth, grunt_megastairs_5, infiniplex_staircase_pool
Lair:5:   hangedman_lair_tendril_chambers, layout_concentric_octagons,
          guppyfry_lair_end_dragon, dpeg_slime_entry_enclosed,
          serial_bayou_shore_b, serial_bayou_shore_a, uniq_urug
Swamp:1:  layout_basic_swamp, evilmike_swamp_ruin_house_3, swamp_pool_1_2,
          grunt_witch_cave
Swamp:2:  layout_basic_swamp, evilmike_swamp_ruin_house_2,
          hangedman_swamp_wriggling
Swamp:3:  layout_basic_swamp, serial_swamp_ruin, evilmike_swamp_ruin_house_4,
          evilmike_swamp_ruin_house_5, uniq_nikola, uniq_aizul
Swamp:4:  swamp, layout_basic_swamp, gammafunk_ghost_grave, swamp_pool_1_2
Spider:1: layout_spider_delve, uniq_roxanne, uniq_donald
Spider:2: layout_chambers, special_room [special_room_bee],
          nicolae_spider_webbed_stairs
Spider:3: layout_chambers
Spider:4: grunt_spider_rune_parallel, nicolae_spider_paper_wasps, uniq_arachne
Slime:1:  layout_caves
Slime:2:  nicolae_slime_spelunking
Slime:3:  layout_caves, cheibrodos_slime_lost_civilization_5
Slime:4:  layout_caves, uniq_dissolution
Slime:5:  slime_pit_nicolae_inversion
Orc:1:    gammafunk_beogh_shrine, layout_caves, nicolae_orc_lava_room
Orc:2:    kennysheep_orc_mage_school, layout_diamond_mine, serial_shops, shop,
          uniq_rupert
Elf:1:    minmay_elf_arrival_plus, layout_loops_cross, serial_shops,
          shop_fountains, hangedman_elf_disciples, dreamdust_princess_bridge
Elf:2:    elven_hall_of_blades_hangedman_original
          [nicolae_blade_entry_antechamber], layout_gridlike
Elf:3:    minmay_elf_hall_not_hex, layout_geoelf_diagonals,
          nicolae_trove_entry_isolated, serial_shops,
          nicolae_shop_back_alley_shop
Vaults:1: hangedman_vaults_snaps, nicolae_vaults_little_squares_4, v_misc_30,
          nicolae_vaults_house_3, vaults_room_fancy_cross, ontoclasm_vaults_eye,
          ontoclasm_vaults_gateway, layout_vaults_chaotic_city
Vaults:2: nicolae_vaults_closet_pinwheel_2, grunt_vaults_twisty,
          vaults_room_door_hall, vaults_room_ringed_pool,
          blue_anna_dwarven_crypt, nicolae_vaults_octagons,
          nicolae_vaults_closet_pinwheel_4, hangedman_vaults_corner,
          nicolae_vaults_tetromino_T_2, vaults_room_door_hall,
          ontoclasm_vaults_ring_small, nicolae_vaults_trapezoid_lopsided_4,
          vaults_dpeg_hooks, nicolae_vaults_trapezoid_lopsided_3,
          layout_vaults_ring
Vaults:3: hellmonk_ghost_big_iron, vaults_mumra_minichess,
          hangedman_vaults_corner_blocks, nicolae_vaults_cornered_office,
          nicolae_vaults_theta, v_misc_16, nicolae_vaults_circle_grid_a,
          nicolae_vaults_security_offices_1,
          nicolae_vaults_windows_and_doors_thing, nicolae_vaults_circle_grid_b,
          nicolae_vaults_weapon_check, nicolae_vaults_yaktaur_gun_rack,
          layout_vaults_maze_snakey, serial_shops, shop_statue
Vaults:4: hangedman_vaults_variations, v_misc_26, hangedman_vaults_river_flow,
          nicolae_vaults_little_squares_2, v_alt_pattern_6,
          hangedman_vaults_nails, nicolae_vaults_offset_grid_hallway_3,
          v_rooms_3, nicolae_vaults_trapezoid_2, nicolae_vaults_tetromino_Z_1,
          layout_vaults_big_cross, serial_shops, shop, nicolae_shop_crystal,
          shop, shop, uniq_frederick
Vaults:5: serial_shops, uniq_xtahua, uniq_boris, uniq_margery
Crypt:1:  layout_misc_corridors, nicolae_crypt_ex-fountain
Crypt:2:  layout_rooms, uniq_josephina, uniq_vv
Crypt:3:  david_glass_crypt, layout_misc_corridors
Tomb:1
Tomb:2
Tomb:3
Depths:1: layout_small_grid, abyss_entry, grunt_decor_mini_mirrors,
          grunt_hell_entry_dis_grunt, nicolae_vehumet_radiance
Depths:2: cell_vault, layout_gridlike, pan_entry, lemuel_statue_altar,
          serial_shops, nicolae_shop_tiny_real_fake_doors, lightli_too_deep,
          nicolae_fountain_basement, minmay_shoptagon,
          infiniplex_staircase_spiral_double, uniq_asterion
Depths:3: giant_chief_lemuel, layout_basic, enter_ziggurat_e, hell_entry,
          serial_library_hellmonk_junction, abyss_entry_crystal,
          grunt_pan_entry_sceptre, serial_shops, bzr_entry_lakeside,
          nicolae_shop_peninsula, nicolae_shop_getting_attention,
          uniq_enchantress, uniq_sojobo, uniq_jory, uniq_norris
Depths:4: grunt_zot_entry_funnels, layout_cave_pools, minmay_misc_feat_roman,
          pf_coc_iceberg, rand_demon_pan_entry_7, minmay_misc_feat_more_columns
Hell
Dis:1:    hangedman_dis_decor_blocks_talon, layout_gridville
Dis:2:    layout_jigsaw, nicolae_dis_emergency_hatch
Dis:4:    layout_subdivisions
Dis:5:    layout_regular_city
Dis:6:    layout_jigsaw, nicolae_dis_scattering
Dis:7:    dis_hangedman
Geh:1:    layout_gehenna_pools_box, lemuel_hellish_altar
Geh:2:    layout_gehenna_pools_box, nicolae_geh_lava_shack
Geh:3:    layout_gehenna_pools_box
Geh:4:    layout_gehenna_pools_basic, nicolae_geh_amphitheater
Geh:5:    layout_gehenna_pools_triple
Geh:6:    layout_gehenna_pools_triple
Geh:7:    evilmike_geh
Coc:1:    layout_cocytus_water_paths
Coc:2:    layout_cocytus_water_paths
Coc:3:    layout_cocytus_delve
Coc:4:    layout_cocytus_water_paths
Coc:5:    layout_cocytus_water_paths
Coc:6:    layout_cocytus_delve
Coc:7:    coc_old
Tar:1:    layout_grid_maze
Tar:2:    layout_honeycomb, nicolae_tar_cuneiform_heaven,
          nicolae_tar_cuneiform_not, nicolae_tar_spectre_spectrum
Tar:3:    layout_cathedral_of_symmetry, nicolae_tar_cuneiform_to_be
Tar:4:    layout_cathedral_of_symmetry, nicolae_tar_cuneiform_oil
Tar:5:    layout_grid_maze
Tar:6:    layout_catacombs
Tar:7:    tar_old
Zot:1:    layout_cathedral_of_symmetry, hangedman_zot_decor_unnerving_road,
          lemuel_golem_globe
Zot:2:    layout_onion, nicolae_diode_basic
Zot:3:    layout_misc_corridors, regret_index_zotdec_twisting_globes,
          uniq_parghit
Zot:4:    layout_gridlike, uniq_grunn
Zot:5:    layout_gridlike

Skill      XL: |  1  2  3  4  5  6  7  8  9 10 11 12 13 14 15 16 17 18 19 20 21 22 23 24 25 26 27 |
---------------+----------------------------------------------------------------------------------+-----
Axes           | 3 4 6 7 8 11 15 18 19 21 22 23 24 27 | 27.0
Dodging        | 1 2 3 4 5 7 10 11 12 13 15 17 18 20 21 27 | 27.0
Shields        | 4 5 6 7 9 10 12 13 14 15 16 27 | 27.0
Armour         | 4 5 6 7 9 10 12 13 14 15 16 17 19 20 21 27 | 27.0
Fighting       | 4 5 6 8 10 11 13 15 16 17 18 19 21 22 23 24 27 | 27.0
Throwing       | 4 6 8 10 27 | 27.0
Invocations    | 5 8 10 14 19 23 26 27 | 27.0
Evocations     | 27 | 27.0
Stealth        | 4 |  4.0

Action                     |  1- 3 |  4- 6 |  7- 9 | 10-12 | 13-15 | 16-18 | 19-21 | 22-24 | 25-27 || total
---------------------------+-------+-------+-------+-------+-------+-------+-------+-------+-------++-------
  Melee: War axe           |    84 |    99 |   175 |   563 |  1053 |   818 |       |       |       ||  2792
         Headbutt          |    10 |    19 |    39 |   152 |   281 |   330 |   400 |   472 |  2000 ||  3703
         Unarmed           |       |    13 |    18 |       |       |       |       |       |       ||    31
         Whip              |       |       |       |     7 |     8 |       |       |       |       ||    15
         Hand axe          |       |       |       |       |    24 |    75 |       |       |       ||    99
         Labrys            |       |       |       |       |       |   460 |  1143 |       |       ||  1603
         Broad axe         |       |       |       |       |       |       |   108 |  1265 |  5732 ||  7105
  Throw: Throwing net      |       |       |       |     2 |       |       |       |       |       ||     2
         Javelin           |       |       |       |       |       |     3 |       |     3 |    43 ||    49
 Invoke: Call Merchant     |       |       |       |       |     2 |     1 |       |       |       ||     3
         Cleansing Flame   |       |       |       |       |       |       |     8 |       |    53 ||    61
         Summon Divine War |       |       |       |       |       |       |     3 |       |     9 ||    12
         Brand Weapon With |       |       |       |       |       |       |     1 |       |       ||     1
         Divine Shield     |       |       |       |       |       |       |       |       |     4 ||     4
  Evoke: Wand              |       |       |       |       |     6 |     5 |     2 |     5 |    14 ||    32
         Phantom mirror    |       |       |       |       |     1 |     1 |     1 |     1 |     3 ||     7
         Sack of spiders   |       |       |       |       |       |       |     1 |       |       ||     1
    Use: Scroll            |       |    13 |     5 |     5 |     6 |     1 |    19 |     9 |    36 ||    94
         Potion            |       |     1 |       |     1 |     4 |     7 |    11 |     7 |    52 ||    83
   Stab: Distracted        |       |       |     1 |     1 |     9 |    12 |    12 |       |       ||    35
         Held in net/web   |       |       |       |     2 |       |       |       |       |       ||     2
         Sleeping          |       |       |       |     1 |       |       |       |       |       ||     1
         Petrifying        |       |       |       |       |     2 |       |       |       |       ||     2
         Petrified         |       |       |       |       |     1 |       |       |       |       ||     1
 Armour: Scale mail        |    63 |    70 |   128 |    54 |       |       |       |       |       ||   315
         Skin              |       |     9 |     5 |    15 |       |       |       |       |       ||    29
         Leather armour    |       |       |       |   251 |   260 |       |       |       |       ||   511
         Plate armour      |       |       |       |       |   421 |  1173 |   763 |  1285 |    80 ||  3722
         Gold dragon scale |       |       |       |       |       |       |       |       |  2507 ||  2507
  Dodge: Dodged            |    46 |    46 |    83 |   282 |   438 |   378 |   283 |   543 |  2299 ||  4398
  Block: Buckler           |    14 |    14 |    57 |   143 |   319 |       |       |       |       ||   547
         Kite shield       |       |       |       |       |   168 |       |       |       |       ||   168
         Reflection        |       |       |       |       |     6 |       |       |       |    28 ||    34
         Tower shield      |       |       |       |       |   133 |  1298 |  1006 |  1405 |  6087 ||  9929
